 Dungeon Crawl Stone Soup version 0.30-a0-509-gd016549fea (webtiles) character file.

Game seed: 15565381642439829032

2880663 MackTheKnife the Slayer (level 27, 199/199 HPs)
             Began as a Gargoyle Conjurer on Dec 21, 2022.
             Was a High Priest of Ashenzari.
             Escaped with the Orb
             ... and 5 runes on Dec 22, 2022!
             The game lasted 03:47:33 (80416 turns).

MackTheKnife the Slayer (Gargoyle Conjurer)        Turns: 80416, Time: 03:47:33

Health: 199/199    AC: 35    Str: 14    XL:     27
Magic:  53/53      EV: 36    Int: 31    God:    Ashenzari [*****.]
Gold:   4631       SH: 10    Dex: 23    Spells: 2/79 levels left

rFire   + . .      SeeInvis +    L - +8 mithril axe "Arga" {speed, Will+, Cun, Self} (curse)
rCold   + . .      Faith    .    H - +3 warlock's mirror {reflect, Melee, Self} (curse)
rNeg    + + +      Spirit   .    i - +2 robe of the Cryptic Doubts {rC+ rF+, Elem, Comp} (curse)
rPois   ∞          Reflect  +    v - +0 helmet of the Ensconced Lethargy {Evo, Elem} (curse)
rElec   +          Harm     .    e - +1 cloak of Starlight {*Dazzle EV+4 Stlth--, Evo, Self} (curse)
rCorr   +          Rampage  .    G - +1 pair of gloves of Ashenzari's Lethargy {Slay+5, Alch, Self} (curse)
Will    ++++.      Clarity  +    J - +3 pair of mountain boots {steadfast, rC+, Cun, Comp} (curse)
Stlth   ++........               m - amulet of the Chained Augurer {RegenMP, @e2, Cun, Self} (curse)
HPRegen 0.53/turn                r - ring "Ensconced With Me" {rN+ rCorr EV+4 Str+2 Slay+5, Alch, Self} (curse)
MPRegen 0.73/turn                K - ring of Lugonu's Approval {rN+ Int+7 Dex+5}

@: flying, studying Staves
A: sickness immunity, AC +20, big wings, negative energy resistance 1,
electricity resistance, torment resistance 1, petrification resistance, agile 1,
deformed body, deterioration 1, strong-willed 1, cold vulnerability 1
0: Orb of Zot
}: 5/15 runes: decaying, serpentine, slimy, silver, abyssal
a: Renounce Religion, Shatter the Chains


You escaped.
You worshipped Ashenzari.
Ashenzari was extremely pleased with you.
You visited 13 branches of the dungeon, and saw 57 of its levels.
You visited the Abyss 1 time.
You also visited: Sewer, Ossuary, Bailey, Gauntlet and Ice Cave.

You collected 10373 gold pieces.
You spent 5742 gold pieces at shops.


Innate Abilities, Weirdness & Mutations

You are immune to sickness and miasma.
Your stone body is resilient. (AC +20)
You are immune to poison.
Your large and strong wings let you fly.
You resist negative energy. (rN+)
You are resistant to electric shocks. (rElec)
You are resistant to unholy torment.
You are immune to petrification.
You are agile. (Dex +4, Str/Int -1)
Armour fits poorly on your strangely shaped body.
Your body sometimes deteriorates upon taking damage.
You are strong-willed. (Will+)
You are vulnerable to cold. (rC-)


   Skills:
 + Level 23.3(27) Fighting
 - Level 7.0(9.4) Short Blades
 - Level 14.7(16.9) Axes
 - Level 10.0 Armour
 - Level 14.6(19.0) Dodging
 - Level 8.0(12.5) Stealth
 - Level 7.3 Shields
 - Level 19.7(26.7) Spellcasting
 - Level 13.8 Conjurations
 - Level 5.1 Hexes
 - Level 21.6(24.7) Summonings
 - Level 7.1(10.6) Necromancy
 - Level 11.4 Translocations
 - Level 6.5(10.0) Transmutations
 - Level 9.8(13.3) Earth Magic
 - Level 6.7(10.2) Poison Magic
 - Level 7.6(11.1) Evocations


You had 2 spell levels left.
You knew the following spells:

 Your Spells              Type           Power      Damage    Failure   Level
a - Magic Dart            Conj           100%       1d8       0%          1
b - Lee's Rapid Deconstr  Erth           44%        3d21*     1%          5
c - Death Channel         Necr           41%        N/A       1%          6
d - Iron Shot             Conj/Erth      45%        9d9       1%          6
e - Iskenderun's Mystic   Conj/Tloc      88%        2d17      1%          4
f - Eringya's Noxious Bo  Tmut/Pois      40%        N/A       1%          6
g - Summon Forest         Summ/Tloc      50%        N/A       0%          5
h - Yara's Violent Unrav  Hex/Tmut       36%        3d15      1%          5
i - Malign Gateway        Summ/Tloc      50%        N/A       1%          7
j - Animate Dead          Necr           82%        N/A       1%          4
k - Summon Horrible Thin  Summ           57%        N/A       1%          8
l - Dispersal             Tloc           42%        N/A       1%          6
m - Dragon's Call         Summ           57%        N/A       3%          9
z - Irradiate             Conj/Tmut      43%        3d26      1%          5

Your spell library contained the following spells:

 Spells                   Type           Power      Damage    Failure   Level
 Necrotise                Necr           100%       1d9       0%          1
 Sting                    Tmut/Pois      100%       1d8       0%          1
 Summon Small Mammal      Summ           100%       N/A       0%          1
 Passwall                 Tmut/Erth      70%        N/A       0%          2
 Searing Ray              Conj           100%       2d8       0%          2
 Freeze                   Ice            100%       1d10      1%          1
 Shock                    Conj/Air       100%       1d9       1%          1
 Ensorcelled Hibernation  Hex/Ice        100%       N/A       1%          2
 Poisonous Vapours        Pois/Air       100%       N/A       1%          2
 Static Discharge         Conj/Air       100%       2-7/arc   1%          2
 Wereblood                Tmut           81%        N/A       1%          2
 Call Canine Familiar     Summ           100%       N/A       0%          3
 Stone Arrow              Conj/Erth      100%       3d13      0%          3
 Summon Guardian Golem    Hex/Summ       93%        N/A       0%          3
 Animate Armour           Summ/Erth      100%       N/A       0%          4
 Confusing Touch          Hex            65%        N/A       1%          3
 Dazzling Flash           Conj/Hex       100%       N/A       1%          3
 Frozen Ramparts          Ice            88%        1d14      1%          3
 Gell's Gravitas          Tloc           84%        N/A       1%          3
 Hailstorm                Conj/Ice       72%        3d15      1%          3
 Inner Flame              Hex/Fire       56%        N/A       1%          3
 Kindle Blastsparks       Fire/Tloc/Air  100%       2d18      1%          3
 Lesser Beckoning         Tloc           100%       N/A       1%          3
 Portal Projectile        Hex/Tloc       100%       N/A       1%          3
 Spider Form              Tmut/Pois      81%        N/A       1%          3
 Swiftness                Air            44%        N/A       1%          3
 Teleport Other           Tloc           84%        N/A       1%          3
 Tukima's Dance           Hex            65%        N/A       1%          3
 Vampiric Draining        Necr           82%        2d11      1%          3
 Vhi's Electric Charge    Tloc/Air       100%       N/A       1%          3
 Anguish                  Hex/Necr       37%        N/A       1%          4
 Cause Fear               Hex            32%        N/A       1%          4
 Dispel Undead            Necr           82%        3d27      1%          4
 Flame Wave               Conj/Fire      72%        2d16      1%          4
 Fulminant Prism          Conj/Hex       39%        3d17      1%          4
 Ice Form                 Ice/Tmut       65%        N/A       1%          4
 Leda's Liquefaction      Hex/Erth       39%        N/A       1%          4
 Manifold Assault         Tloc           84%        N/A       1%          4
 Olgreb's Toxic Radiance  Pois           81%        N/A       1%          4
 Passage of Golubria      Tloc           84%        N/A       1%          4
 Petrify                  Tmut/Erth      85%        N/A       1%          4
 Sticky Flame             Conj/Fire      72%        2d9       1%          4
 Summon Ice Beast         Ice/Summ       88%        N/A       1%          4
 Summon Lightning Spire   Summ/Air       88%        N/A       1%          4
 Agony                    Necr           82%        N/A       1%          5
 Alistair's Intoxication  Tmut/Pois      54%        N/A       1%          5
 Arcjolt                  Conj/Air       36%        1d46      1%          5
 Blade Hands              Tmut           40%        N/A       1%          5
 Borgnjor's Vile Clutch   Necr/Erth      43%        N/A       1%          5
 Fireball                 Conj/Fire      36%        3d15      1%          5
 Iskenderun's Battlesphe  Conj           91%        2d14      1%          5
 Lightning Bolt           Conj/Air       36%        1d54      1%          5
 Summon Mana Viper        Hex/Summ       93%        N/A       1%          5
 Orb of Destruction       Conj           45%        9d12      1%          7
 Summon Hydra             Summ           57%        N/A       1%          7
 Airstrike                Air            22%        2d(4-20)  6%          4
 Metabolic Englaciation   Hex/Ice        28%        N/A       6%          5
 Silence                  Hex/Air        28%        N/A       6%          5
 Conjure Ball Lightning   Conj/Air       36%        3x3d13    6%          6
 Dragon Form              Tmut           40%        N/A       10%         7
 Simulacrum               Ice/Necr       33%        N/A       12%         6
 Lehudib's Crystal Spear  Conj/Erth      45%        10d11     19%         8
 Disjunction              Tloc           42%        N/A       41%         8
 Borgnjor's Revivificati  Necr           41%        N/A       52%         8
 Infestation              Necr           41%        N/A       52%         8
 Necromutation            Tmut/Necr      40%        N/A       56%         8
 Enfeeble                 Hex            32%        N/A       58%         7
 Maxwell's Capacitive Co  Air            22%        ∞         100%        8
 Chain Lightning          Conj/Air       36%        3d48      100%        9
 Death's Door             Necr           41%        N/A       100%        9
 Polar Vortex             Ice            22%        N/A       100%        9
 Sublimation of Blood     Necr           Unusable   N/A       N/A         2
 Cigotuvi's Dreadful Rot  Necr/Pois/Air  Unusable   N/A       N/A         2
 Statue Form              Tmut/Erth      Unusable   N/A       N/A         6

Inventory:

Hand Weapons
 L - the cursed +8 mithril axe "Arga" (weapon) {speed, Will+, Cun, Self}
   (You found it on level 1 of the Elven Halls)

   Attacks with this weapon are significantly faster.
   Will:      It increases your willpower.
   It has a curse which improves the following skills: Cunning: Dodging and
   Stealth.
   Introspection: Fighting and Spellcasting.
Armour
 e - the cursed +1 cloak of Starlight (worn) {*Dazzle EV+4 Stlth--, Evo, Self}
   (You found it on level 5 of the Pits of Slime)

   It may blind those who miss an attack against the wearer in melee combat.
   EV:        It affects your evasion (+4).
   Stlth:     It makes you much less stealthy.
   It has a curse which improves the following skills: Evocations: Evocations.
   Introspection: Fighting and Spellcasting.
 i - the cursed +2 robe of the Cryptic Doubts (worn) {rC+ rF+, Elem, Comp}
   (You found it on level 3 of the Elven Halls)

   It has a curse which improves the following skills: Elements: Fire Magic, Ice
   Magic, Air Magic and Earth Magic.
   Companions: Summonings and Necromancy.
 v - the cursed +0 helmet of the Ensconced Lethargy (worn) {Evo, Elem}
   (You found it on level 3 of the Dungeon)

   It has a curse which improves the following skills: Evocations: Evocations.
   Elements:  Fire Magic, Ice Magic, Air Magic and Earth Magic.
 G - the cursed +1 pair of gloves of Ashenzari's Lethargy (worn) {Slay+5, Alch, Self}
   (You took it off Nikola on level 1 of the Elven Halls)

   Slay:      It affects your accuracy & damage with ranged weapons and melee
   (+5).
   It has a curse which improves the following skills: Alchemy: Poison Magic and
   Transmutations.
   Introspection: Fighting and Spellcasting.
 H - the cursed +3 warlock's mirror (worn) {reflect, Melee, Self}
   (You found it on level 5 of the Pits of Slime)

   It can block and reflect piercing ranged attacks and magical attacks against
   the wielder's willpower.
   It has a curse which improves the following skills: Melee Combat: Short
   Blades, Long Blades, Axes, Maces & Flails, Polearms, Staves and Unarmed
   Combat.
   Introspection: Fighting and Spellcasting.
 J - the cursed +3 pair of mountain boots (worn) {steadfast, rC+, Cun, Comp}
   (You bought it in a shop on level 4 of the Snake Pit)

   It prevents involuntary movement, except for blinking, teleportation, or
   banishment.
   rC:        It protects you from cold.
   It has a curse which improves the following skills: Cunning: Dodging and
   Stealth.
   Companions: Summonings and Necromancy.
Jewellery
 k - the dreamshard necklace {*Dream Drain}
   (You found it on level 3 of the Elven Halls)

   [amulet of nothing]

   It shatters if its wearer takes lethal or near-lethal damage, preventing the
   blow and releasing protective dreams that heal and fight for the wearer.
   Drain:     It drains your maximum health when unequipped.
 m - the cursed amulet of the Chained Augurer (around neck) {RegenMP, @e2, Cun, Self}
   (You found it on level 4 of the Dungeon)

   [amulet of magic regeneration]

   It increases your rate of magic regeneration.
   It has a curse which improves the following skills: Cunning: Dodging and
   Stealth.
   Introspection: Fighting and Spellcasting.
 r - the cursed ring "Ensconced With Me" (left hand) {rN+ rCorr EV+4 Str+2 Slay+5, Alch, Self}
   (You found it on level 5 of the Vaults)

   [ring of evasion]

   EV:        It affects your evasion (+4).
   Str:       It affects your strength (+2).
   Slay:      It affects your accuracy & damage with ranged weapons and melee
   (+5).
   rN:        It protects you from negative energy.
   rCorr:     It protects you from acid and corrosion.
   It has a curse which improves the following skills: Alchemy: Poison Magic and
   Transmutations.
   Introspection: Fighting and Spellcasting.
 K - the ring of Lugonu's Approval (right hand) {rN+ Int+7 Dex+5}
   (You found it on level 3 of the Crypt)

   [ring of positive energy]

   Int:       It affects your intelligence (+7).
   Dex:       It affects your dexterity (+5).
   rN:        It protects you from negative energy.
 T - a ring of resist corrosion
   (You found it on level 3 of the Crypt)
Wands
 a - a wand of quicksilver (3)
   (You found it on level 5 of the Pits of Slime)
 c - a wand of digging (11)
   (You found it on level 1 of the Vaults)
 s - a wand of paralysis (53)
   (You found it on level 2 of the Dungeon)
 F - a wand of roots (34)
   (You took it off Ijyb on level 4 of the Dungeon)
 P - a wand of mindburst (34)
   (You found it on level 11 of the Dungeon)
Scrolls
 g - 5 scrolls of poison
 h - 9 scrolls of blinking {!r}
 p - a scroll of immolation {!r!r}
 x - 5 scrolls of magic mapping {!r}
 B - 2 scrolls of silence {!r}
 C - 8 scrolls of fear
 E - 8 scrolls of enchant weapon
 I - 3 scrolls of brand weapon
 N - 9 scrolls of fog
 O - 13 scrolls of teleportation {@r4}
 S - 11 scrolls of amnesia
 W - 13 scrolls of enchant armour
Potions
 b - 4 potions of magic
 d - a potion of heal wounds {@q2}
 f - 5 potions of mutation {!q}
 j - 13 potions of brilliance
 l - 6 potions of cancellation
 n - 2 potions of ambrosia
 o - 4 potions of resistance
 u - 17 potions of curing {@q1}
 z - 4 potions of invisibility
 A - 4 potions of berserk rage {!q}
 D - 14 potions of lignification {!q}
 M - 14 potions of might
 Q - 6 potions of haste {@q3}
 R - 18 potions of flight
Miscellaneous
 q - a lightning rod (4/4)
   (You found it on level 5 of the Lair of Beasts)
 t - a phantom mirror
   (You found it on level 3 of the Elven Halls)
 w - a phial of floods
   (You found it on level 2 of the Crypt)
 y - a tin of tremorstones (2/2) {throwing}
   (You found it on level 1 of the Lair of Beasts)
 X - a condenser vane
   (You found it on level 2 of the Snake Pit)
 Z - a box of beasts
   (You found it on level 5 of the Vaults)

Dungeon Overview and Level Annotations

Branches:
Dungeon (15/15)            Temple (1/1) D:4            Lair (5/5) D:9
  Swamp (4/4) Lair:3        Snake (4/4) Lair:3        Slime (5/5) Lair:4
    Orc (2/2) D:12            Elf (3/3) Orc:2        Vaults (5/5) D:14
  Crypt (3/3) Vaults:3       Tomb (1/3) Crypt:3      Depths (4/4) D:15
    Zot (5/5) Depths:4      Sewer (visited)         Ossuary (visited)
 Bailey (visited)           IceCv (visited)         Gauntlet (visited)

Altars:
Ashenzari
Cheibriados
Elyvilon
Fedhas
Hepliaklqana
Kikubaaqudgha
Nemelex Xobeh
Okawaru
Ru
Trog
Uskayaw
Wu Jian
Yredelemnul
Zin
The Shining One
Jiyva
Lugonu

Shops:
D:14 =   D:15 *   Orc:1 [   Orc:2 [!*[[   Snake:1 !*(   Snake:3 :==
Snake:4 [*[[   Vaults:2 *   Vaults:3 [   Vaults:4 [   Depths:3 (

Portals:
Hell: Depths:1 Depths:2 Depths:3 Depths:4
Abyss: Slime:1 Depths:3
Pandemonium: Depths:2 Depths:4
Ziggurat: Depths:3

Annotations:
D:3 2 transporters, initializr's ghost, amateur NaVM
D:5 exclusion: upstairs
D:6 2 runed translucent doors, Sapher's ghost, novice DEEE
D:9 3 runed translucent doors, Athor's ghost, journeyman FoFi
Lair:5 exclusion: 7 oklob plants
Swamp:1 Roxanne
Snake:1 Louise
Elf:2 3 runed translucent doors
Crypt:1 exclusion: downstairs
Zot:5 exclusion: 2 upstairs

#####.................##.######.#
#####.#####.#.....######.# #.#
......# #.#.....# #.# #.# ##....#
#...#...## #.# #.# #.#..#
#.###.#..# ###.# #.#
#.#..#####...###''###...# #..
#.##.......####.##.###### ###
#.#####.#..# #...##.#########
##.#####.#..###.@.##.#.......#
.......†....##....##.#######.#
##.#####.##.#.####8#.# #.#
.........##.#.......## #.#
...########.######### #.#### ####
#.# #..... #.# ######
##########.# #..........#


There were no monsters in sight!


Message History

😎 HP[+5]
Your hp is fully restored (199).
There is an escape hatch in the ceiling here.
A mysterious force pulls you upwards. The hatch slams shut behind you.
Level annotation: 2 runed translucent doors, Sapher's ghost, novice DEEE
(D) Dungeon (T) Temple (L) Lair (S) Swamp (P) Snake Pit (M) Slime Pits (O) Orcish Mines (E) Elven Halls (V) Vaults (C) Crypt (W) Tomb (U) Depths (H) Hell (Z) Zot
Where to? (Enter - D:1, ? - help)
What level of the Dungeon? (default 1, ? - help)
There is an open door here.
There is an open door here.
You sense a monster nearby.
Unknown command.
An Orb Guardian comes into view.
There is a stone staircase leading up here.
You fly upwards.
Level annotation: exclusion: upstairs
There is a stone staircase leading down here.
Unknown command.
(D) Dungeon (T) Temple (L) Lair (S) Swamp (P) Snake Pit (M) Slime Pits (O) Orcish Mines (E) Elven Halls (V) Vaults (C) Crypt (W) Tomb (U) Depths (H) Hell (Z) Zot
Where to? (Enter - D:1, ? - help)
What level of the Dungeon? (default 1, ? - help) 2 golden eyes come into view.
Casting: Irradiate (safe; 1% risk of failure)
Confirm with . or Enter, or press ? or * to list all spells.
The golden eye blinks at you.
You resist with almost no effort. 😎 MP[-7]
You lost 7 mp, and now have 46/53 mp.
Unknown command.
The golden eye blinks!
A Qarhugic, a sixfirhy and a chaos spawn come into view. 😎 MP[+1]
You swap places.
Your large abomination completely misses the golden eye.
Your large abomination closely misses the golden eye.
Your tentacled monstrosity completely misses the golden eye.
Your tentacled monstrosity tentacle-slaps the golden eye.
Your tentacled monstrosity closely misses the golden eye.
Your tentacled monstrosity grabs the golden eye.
Your tentacled monstrosity constricts the golden eye!
The golden eye dies!
Qarhugic moves out of view.
The sixfirhy moves out of view.
The chaos spawn moves out of view. 😎 MP[+1] 😎 MP[+1] 😎 MP[+1] Unknown command. 😎 MP[+1] 😎 MP[+1] 😎 MP[+1]
Your mp is fully restored (53).
Something touches your large abomination!!
A hell beast comes into view.
There is a stone staircase leading up here.
You block the hell beast's attack. x2
You fly upwards.
There is a stone staircase leading down here.
Unknown command.
(D) Dungeon (T) Temple (L) Lair (S) Swamp (P) Snake Pit (M) Slime Pits (O) Orcish Mines (E) Elven Halls (V) Vaults (C) Crypt (W) Tomb (U) Depths (H) Hell (Z) Zot
Where to? (Enter - D:1, ? - help)
What level of the Dungeon? (default 1, ? - help)
A lorocyproca comes into view.
The lorocyproca gives a chilling moan.
There is a stone staircase leading up here.
You fly upwards.
Level annotation: 2 transporters, initializr's ghost, amateur NaVM
There is a stone staircase leading down here.
Unknown command.
(D) Dungeon (T) Temple (L) Lair (S) Swamp (P) Snake Pit (M) Slime Pits (O) Orcish Mines (E) Elven Halls (V) Vaults (C) Crypt (W) Tomb (U) Depths (H) Hell (Z) Zot
Where to? (Enter - D:1, ? - help)
What level of the Dungeon? (default 1, ? - help)
A shadow demon comes into view.
There is a stone staircase leading up here.
You fly upwards.
There is a stone staircase leading down here.
Unknown command.
(D) Dungeon (T) Temple (L) Lair (S) Swamp (P) Snake Pit (M) Slime Pits (O) Orcish Mines (E) Elven Halls (V) Vaults (C) Crypt (W) Tomb (U) Depths (H) Hell (Z) Zot
Where to? (Enter - D:1, ? - help)
What level of the Dungeon? (default 1, ? - help)
There is a stone staircase leading up here.
You fly upwards.
There is a stone staircase leading down here.
There is a large open door here.
There is a staircase leading out of the dungeon here.
You have escaped!

Skill      XL: |  1  2  3  4  5  6  7  8  9 10 11 12 13 14 15 16 17 18 19 20 21 22 23 24 25 26 27 |
---------------+----------------------------------------------------------------------------------+-----
Conjurations   | 5 6 7 8 9 13 | 13.8
Spellcasting   | 3 4 5 6 7 8 10 12 15 16 19 | 19.7
Hexes          | 1 2 3 5 |  5.1
Fighting       | 4 7 8 11 12 13 15 16 17 23 | 23.3
Dodging        | 3 6 12 14 | 14.6
Evocations     | 4 5 7 |  7.6
Poison Magic   | 4 6 |  6.7
Translocations | 5 9 11 | 11.4
Short Blades   | 7 |  7.0
Stealth        | 8 |  8.0
Summonings     | 2 3 7 11 14 18 21 | 21.6
Transmutations | 2 6 |  6.5
Armour         | 10 | 10.0
Axes           | 6 13 14 | 14.7
Shields        | 7 |  7.3
Earth Magic    | 1 9 |  9.8
Necromancy     | 7 |  7.1

Action                   |  1- 3 |  4- 6 |  7- 9 | 10-12 | 13-15 | 16-18 | 19-21 | 22-24 | 25-27 || total
-------------------------+-------+-------+-------+-------+-------+-------+-------+-------+-------++-------
Melee: Unarmed           |    24 |       |       |       |       |       |       |       |       ||    24
       Great sword       |     3 |       |       |       |       |       |       |       |       ||     3
       Dagger            |       |    26 |   117 |   216 |   602 |    25 |       |       |       ||   986
       Punch             |       |       |     3 |     1 |     8 |       |       |       |       ||    12
       Broad axe         |       |       |       |       |       |   494 |   453 |   320 |   923 ||  2190
 Cast: Magic Dart        |    66 |    68 |   125 |   166 |    52 |     4 |       |       |       ||   481
       Searing Ray       |     3 |     5 |    27 |    52 |    19 |       |       |       |       ||   106
       Fulminant Prism   |       |       |    23 |   119 |    97 |       |       |       |       ||   239
       Olgreb's Toxic Ra |       |       |       |    23 |    68 |     9 |       |       |       ||   100
       Iskenderun's Myst |       |       |       |     5 |     4 |     1 |       |       |       ||    10
       Irradiate         |       |       |       |       |    40 |    46 |    14 |    13 |     6 ||   119
       Summon Forest     |       |       |       |       |    14 |    13 |     7 |     9 |     7 ||    50
       Eringya's Noxious |       |       |       |       |    35 |    50 |    36 |    16 |     7 ||   144
       Yara's Violent Un |       |       |       |       |     4 |     9 |    17 |    15 |    12 ||    57
       Iron Shot         |       |       |       |       |       |   205 |   269 |   389 |   256 ||  1119
       Death Channel     |       |       |       |       |       |     5 |    20 |    21 |    13 ||    59
       Malign Gateway    |       |       |       |       |       |       |     4 |    21 |    17 ||    42
       Summon Horrible T |       |       |       |       |       |       |     7 |    33 |    45 ||    85
       Animate Dead      |       |       |       |       |       |       |     3 |    12 |     8 ||    23
       Lee's Rapid Decon |       |       |       |       |       |       |       |       |    49 ||    49
       Dragon's Call     |       |       |       |       |       |       |       |       |     9 ||     9
Invok: Curse Item        |     1 |       |     2 |     5 |     2 |     3 |     3 |     1 |     4 ||    21
       Shatter the Chain |       |       |       |       |     1 |     4 |     1 |     2 |     4 ||    12
Evoke: Wand              |       |     3 |     2 |     4 |     9 |     7 |       |     1 |       ||    26
       Tin of tremorston |       |       |       |       |     4 |     4 |       |       |       ||     8
       Condenser vane    |       |       |       |       |       |     3 |     7 |     6 |     7 ||    23
       Lightning rod     |       |       |       |       |       |       |     6 |       |       ||     6
       Phantom mirror    |       |       |       |       |       |       |       |     2 |     2 ||     4
       Box of beasts     |       |       |       |       |       |       |       |       |     2 ||     2
       Phial of floods   |       |       |       |       |       |       |       |       |     2 ||     2
  Use: Potion            |       |     2 |       |       |     3 |     6 |     2 |     4 |    21 ||    38
       Scroll            |       |       |    12 |     1 |     1 |     5 |    10 |     8 |    14 ||    51
 Stab: Paralysed         |       |     3 |       |       |     1 |     1 |       |       |       ||     5
       Sleeping          |       |       |       |     2 |     4 |     8 |     4 |       |       ||    18
       Invisible         |       |       |       |       |     1 |       |       |       |    15 ||    16
       Petrified         |       |       |       |       |     1 |       |       |       |       ||     1
       Distracted        |       |       |       |       |     1 |     3 |     8 |    14 |    34 ||    60
Armor: Robe              |     5 |     4 |       |       |       |   102 |   342 |   267 |   264 ||   984
       Leather armour    |       |       |    47 |   111 |   210 |   169 |       |       |       ||   537
       Skin              |       |       |       |       |       |     1 |       |       |       ||     1
Dodge: Dodged            |    28 |    17 |   100 |   336 |   550 |   429 |   390 |   285 |   889 ||  3024
Block: Buckler           |       |       |       |       |     7 |   146 |   191 |   122 |   452 ||   918
       Reflection        |       |       |       |       |       |       |       |       |    39 ||    39

Levels and vault maps discovered:
D:1:      saegor_arrival_simple_e, layout_loops_ring, nicolae_grassy_gnolls
D:2:      layout_basic, shapermc_ecumenical_altar_mp_urbaneastern,
          kennysheep_generic_room_12
D:3:      layout_basic, nicolae_tso_besieged_by_evil, gammafunk_ghost_mausoleum,
          kennysheep_another_room
D:4:      layout_gridville, mainiacjoe_overflow_paths, minmay_temple_entry_tees,
          nicolae_ossuary_entry_false_entrances, uniq_duvessa, uniq_natasha,
          uniq_ijyb, uniq_grinder
D:5:      layout_basic, old_standard_altar, portal_sewer_entry_b, uniq_edmund,
          uniq_eustachio, uniq_menkaure
D:6:      layout_basic, ebering_ghost_disaster_area, nzn_random_ring
D:7:      minmay_s_stair_smasher, layout_loops_corners,
          gammafunk_temple_overflow_elements
D:8:      layout_layer_cave, nemelex_xobeh_ov_fountains_minmay,
          gammafunk_ghost_icy, uniq_pikel, uniq_maggie
D:9:      layout_roguey, due_lair_maze_entry_diamond, enter_bailey_2,
          ebering_ghost_rock_garden
D:10:     layout_loops_ring, uniq_lodul, uniq_urug
D:11:     layout_basic
D:12:     layout_rooms, erik_orc_4
D:13:     minmay_clustersquares, layout_cave_pods, serial_column_ruins,
          column_ruins_hut, column_ruins_hut, column_ruins_corridor_straight,
          column_ruins_open_tiny, column_ruins_open_medium, column_ruins_grid_1
D:14:     layout_roguey, david_vaults_5, amcnicky_mini_pool_small, serial_shops,
          nicolae_lakefront_shop, grunt_decor_clamped,
          minmay_misc_feat_more_columns, dancing_weapons_uskayaw
D:15:     gammafunk_enter_depths_forms, layout_gridville, fountainhead,
          serial_shops, shop, nicolae_lava_and_water, serial_park_tiny_1
Temple:   eino_temple_rhombus
Lair:1:   layout_long_grid
Lair:2:   layout_regular_city, bh_autumn_forest_stairs, uniq_gastronok
Lair:3:   layout_cave_pods, swamp_mist, guppyfry_snake_entry_island,
          chequers_serial_rivers_micro_c, uniq_amaemon
Lair:4:   layout_concentric_octagons, nicolae_slime_entry_slimehenge,
          serial_bayou_shore_a
Lair:5:   evilmike_catoblepas_cave, layout_regular_city, serial_forest,
          infiniplex_forest_end_3, infiniplex_forest_clump_cross,
          infiniplex_forest_clump_cross, infiniplex_forest_join,
          gauntlet_entry_generic, dpeg_oklob_1
Swamp:1:  layout_falls_marsh, portal_ice_cave_entry_ice_statue_one,
          evilmike_swamp_ruin_rubble_2, nicolae_swamp_super_fun_site,
          infiniplex_staircase_pool, uniq_roxanne
Swamp:2:  layout_basic_swamp, evilmike_swamp_ruin_house_5, uniq_mlioglotl
Swamp:3:  layout_basic_swamp, nicolae_swamp_trees_clearing
Swamp:4:  swamp, layout_basic_swamp
Snake:1:  layout_cave_shapes, serial_shops, shop, nicolae_snake_salamander_zone,
          minmay_shoptagon, uniq_louise
Snake:2:  layout_rooms, uniq_donald
Snake:3:  layout_chambers, minmay_shop_grove, uniq_saint_roka, uniq_azrael
Snake:4:  johnstein_snake_rune_scales, layout_basic, serial_shops,
          nicolae_shop_hallway_plus, nicolae_snake_horde_hoard,
          grunt_megastairs_3, minmay_shop_star
Slime:1:  layout_caves, amcnicky_altar_lugonu_corruption
Slime:2:  layout_caves, basic_altar, nicolae_slime_ancient_tower_intersection
Slime:3:  layout_caves
Slime:4:  layout_caves, dissolution_awaits
Slime:5
Orc:1:    layout_caves, serial_shops, shop, uniq_josephine, uniq_erica
Orc:2:    st_orc_rangers, layout_diamond_mine, serial_shops, shop, basic_altar,
          uniq_sonja
Elf:1:    eino_elf_arrival_sip, layout_geoelf_diagonals, basic_altar,
          kennysheep_underground_church, uniq_nikola
Elf:2:    nicolae_elf_blades_splatter_lattice [mumra_blade_entry_dagger],
          layout_loops_corners, patterned_corridor, uniq_agnes
Elf:3:    minmay_elf_hall_hex, layout_loops_corners, basic_altar, minivault_20,
          grunt_megastairs_4, uniq_zenata, uniq_mara
Vaults:1: nicolae_vaults_branching_niches, hangedman_vaults_maws,
          vaults_dpeg_encased_lava, v_pattern_5, layout_vaults_quadrants,
          serial_glass
Vaults:2: hangedman_vaults_impose, v_misc_13, nicolae_vaults_little_squares_1,
          nicolae_vaults_circle_grid_a, nicolae_vaults_alarming,
          dpeg_vaults_pockets_of_resistance, hangedman_vaults_trim,
          hangedman_vaults_corner, vaults_dpeg_cross,
          nicolae_vaults_border_crossing, ontoclasm_vaults_gateway,
          layout_vaults_ring, serial_shops, shop_statue
Vaults:3: hangedman_vaults_slither, ontoclasm_vaults_idyll,
          nicolae_vaults_shelves_hall, minmay_crypt_entry_vampire_xt,
          ontoclasm_vaults_ring_small, ontoclasm_vaults_ligature, v_misc_13,
          dpeg_vaults_monster_box, nicolae_vaults_gold_heap,
          hangedman_vaults_maws, ontoclasm_vaults_loading_screen,
          nicolae_vaults_little_squares_1, v_misc_23,
          nicolae_vaults_mini_display_case, layout_vaults_omnicross
Vaults:4: nicolae_vaults_specimen_jars, hangedman_vaults_trim,
          vaults_room_ringed_pool, nicolae_vaults_little_squares_5, v_pattern_3,
          grunt_vaults_diagonal, vaults_dpeg_ring, grunt_vaults_swirl,
          nicolae_vaults_ring_of_whatevers, hangedman_vaults_pinch,
          vaults_mumra_minichess_inversion, vaults_mumra_lcd, vaults_dpeg_hooks,
          v_misc_27, vaults_dpeg_diagonal, layout_vaults_omnibox, serial_shops,
          shop
Vaults:5: uniq_margery
Crypt:1:  layout_gridlike, basic_altar, st_stairs_13, fountainhead,
          glass_columns_a, minmay_misc_feat_five
Crypt:2:  minmay_skeleton_keep, layout_regular_city, basic_altar
Crypt:3:  david_glass_crypt, layout_misc_corridors, tomb_entry_sphere_bobbens,
          serial_sigils_hangedman_snap
Tomb:1
Depths:1: minmay_the_grid_3x2 [minmay_the_grid_diamond_grid,
          minmay_the_grid_minigrid_medium, minmay_the_grid_medium_cups,
          minmay_the_grid_minigrid_small, minmay_the_grid_dragon_b,
          minmay_the_grid_prize_diamond_cup], layout_cave_pools,
          serial_bayou_shore_b, hell_entry,
          hellmonk_guarded_unrand_seven_league_boots
Depths:2: minmay_expanding_squares, layout_small_grid, rand_demon_pan_entry_7,
          grunt_hell_entry_dis_old, elyvilon_altar_4, nicolae_ru_awakened_eye
Depths:3: gammafunk_mikee_crab_dinner, layout_cave_shapes, enter_ziggurat_a,
          grunt_mini_vestibule, minmay_misc_feat_rows, abyss_entry_glasseish,
          serial_shops, nicolae_lakefront_shop,
          minmay_guarded_unrand_wrath_of_trog, infiniplex_staircase_zigzag_2,
          serial_bayou_shore_b, uniq_grunn, uniq_frederick, uniq_sojobo
Depths:4: grunt_zot_entry_gee_three, layout_cave_pools, minmay_misc_feat_chi,
          hell_entry, pan_entry
Zot:1:    gammafunk_its_a_trap, layout_concentric_octagons
Zot:2:    layout_gridlike
Zot:3:    layout_gridlike, hangedman_zot_decor_unnerving_road, zot_minivault_1
Zot:4:    dreamdust_zin_vs_xom, layout_basic
Zot:5:    layout_onion

Notes
Turn   | Place    | Note
-------+----------+-------------------------------------------
     0 | D:1      | MackTheKnife the Gargoyle Conjurer began the quest for the
                  | Orb.
     0 | D:1      | Reached XP level 1. HP: 10/10 MP: 3/3
     0 | D:1      | magus.rc [v1.9.6]
   261 | D:1      | Reached XP level 2. HP: 9/15 MP: 0/5
   593 | D:1      | Learned a level 2 spell: Searing Ray
   761 | D:1      | Reached XP level 3. HP: 19/19 MP: 4/6
  1072 | D:1      | Reached skill level 5 in Conjurations
  1457 | D:2      | Identified the +3 dagger "Afooluomp" {venom, rElec Will+
                  | rCorr}
  1484 | D:2      | Found a faded altar of an unknown god.
  1487 | D:2      | Prayed at the altar of an unknown god.
  1487 | D:2      | Became a worshipper of Ashenzari the Shackled
  1717 | D:2      | Reached skill level 3 in Spellcasting
  2517 | D:3      | Reached XP level 4. HP: 24/24 MP: 3/8
  2522 | D:3      | Learned a level 4 spell: Fulminant Prism
  2819 | D:3      | Found a glowing golden altar of the Shining One.
  3031 | D:3      | Reached skill level 1 in Hexes
  3135 | D:3      | Reached XP level 5. HP: 28/28 MP: 7/10
  3187 | D:3      | Noticed a phantom
  3236 | D:3      | Found a transporter.
  3239 | D:3      | Noticed initializr's ghost (amateur NaVM)
  3244 | D:3      | Found a transporter.
  3724 | D:4      | Noticed Duvessa
  3724 | D:4      | Noticed Natasha
  3724 | D:4      | Noticed Ijyb
  3725 | D:4      | Noticed Dowan
  3920 | D:4      | Found a staircase to the Ecumenical Temple.
  3926 | D:4      | Noticed a phantom
  3946 | D:4      | Noticed an ogre
  3952 | D:4      | Killed an ogre
  3953 | D:4      | Reached skill level 4 in Spellcasting
  3953 | D:4      | Reached skill level 6 in Conjurations
  3953 | D:4      | Reached skill level 2 in Hexes
  3953 | D:4      | Reached XP level 6. HP: 32/32 MP: 10/12
  3968 | D:4      | HP: 7/32 [Natasha (6)]
  3969 | D:4      | HP: 3/32 [Natasha (4)]
  3969 | D:4      | HP: 1/32 [constriction (2)]
  3974 | D:4      | Killed Ijyb
  3977 | D:4      | Killed Natasha
  3977 | D:4      | Noticed a black bear
  4148 | D:4      | Killed a black bear
  4153 | D:4      | Reached XP level 7. HP: 36/36 MP: 6/13
  4169 | D:4      | Reached skill level 3 in Hexes
  4178 | D:4      | Found a sand-covered staircase.
  4254 | Ossuary  | Entered an ossuary
  4325 | Ossuary  | Reached skill level 7 in Conjurations
  4407 | Ossuary  | Reached skill level 5 in Spellcasting
  4559 | Ossuary  | Reached XP level 8. HP: 39/41 MP: 9/15
  4561 | Ossuary  | Reached skill level 4 in Hexes
  4843 | Ossuary  | Reached skill level 8 in Conjurations
  4954 | Ossuary  | Reached skill level 6 in Spellcasting
  4983 | Ossuary  | Reached skill level 5 in Hexes
  5286 | Temple   | Entered the Ecumenical Temple
  5355 | D:4      | You pick up a book of Blood and begin reading...
  5355 | D:4      | You add the spells Wereblood and Summon Hydra to your
                  | library.
  5446 | D:4      | Found a blossoming altar of Fedhas.
  5488 | D:4      | Noticed Grinder
  5494 | D:5      | Entered Level 5 of the Dungeon
  5586 | D:5      | Noticed a troll
  5595 | D:5      | Killed a troll
  5596 | D:5      | Reached XP level 9. HP: 41/45 MP: 6/19
  5845 | D:5      | Found a glowing drain.
  5860 | Sewer    | Entered a sewer
  5962 | Sewer    | Noticed Pargi
  5968 | Sewer    | Killed Pargi
  5969 | Sewer    | Reached skill level 9 in Conjurations
  6092 | D:5      | Reached skill level 7 in Spellcasting
  6156 | D:5      | Noticed Menkaure
  6159 | D:5      | Killed Menkaure
  6316 | D:5      | Found a glowing silver altar of Zin.
  6407 | D:5      | Noticed Eustachio
  6438 | D:5      | Killed Eustachio
  6439 | D:5      | Reached skill level 1 in Fighting
  6439 | D:5      | Reached skill level 2 in Dodging
  6559 | D:5      | Reached * piety under Ashenzari
  6583 | D:5      | Reached skill level 2 in Fighting
  6716 | D:5      | Noticed Edmund
  6723 | D:5      | Killed Edmund
  7496 | D:4      | Killed Duvessa
  7497 | D:4      | Reached skill level 3 in Fighting
  7497 | D:4      | Reached skill level 3 in Dodging
  7598 | D:4      | Killed Dowan
  7994 | D:4      | Reached ** piety under Ashenzari
  8005 | D:4      | Killed Grinder
  8006 | D:4      | Reached skill level 4 in Fighting
  8020 | D:4      | Noticed Natasha
  8023 | D:4      | Killed Natasha
  8039 | D:4      | Noticed Natasha
  8042 | D:4      | Killed Natasha
  8125 | D:6      | Reached XP level 10. HP: 58/58 MP: 15/21
  8129 | D:6      | Reached skill level 4 in Dodging
  8433 | D:6      | Reached skill level 5 in Fighting
  8542 | D:6      | Noticed an unseen horror
  8546 | D:6      | Killed an unseen horror
  8548 | D:6      | Reached skill level 6 in Fighting
  8589 | D:6      | Reached skill level 5 in Dodging
  8617 | D:6      | You pick up a book of Necromancy and begin reading...
  8617 | D:6      | You add the spells Necrotise, Vampiric Draining and Agony
                  | to your library.
  8681 | D:6      | Identified Kikubaaqudgha's Excursus on Darkness
  8690 | D:6      | You add the spells Anguish, Borgnjor's Revivification and
                  | Necromutation to your library.
  8885 | D:6      | Found a large runed translucent door.
  8903 | D:6      | Found a large runed translucent door.
  8908 | D:6      | Noticed Sapher's ghost (novice DEEE)
  9590 | D:7      | Reached skill level 7 in Fighting
  9834 | D:7      | Found a hazy altar of Hepliaklqana.
  9834 | D:7      | Found a snail-covered altar of Cheibriados.
  9874 | D:7      | Reached skill level 6 in Dodging
 10426 | D:7      | Reached skill level 8 in Spellcasting
 10540 | D:7      | Reached XP level 11. HP: 69/69 MP: 18/24
 10718 | D:8      | Noticed Pikel
 10730 | D:8      | Killed Pikel
 10815 | D:8      | Reached *** piety under Ashenzari
 10888 | D:8      | Found a sparkling altar of Nemelex Xobeh.
 10890 | D:8      | You add the spells Vhi's Electric Charge, Arcjolt and
                  | Maxwell's Capacitive Coupling to your library.
 10983 | D:8      | Reached skill level 9 in Spellcasting
 11039 | D:8      | Noticed Maggie
 11059 | D:8      | Killed Maggie
 11066 | D:8      | Noticed initializr's ghost (journeyman HOMo)
 11091 | D:8      | Found a runed translucent gate.
 11091 | D:8      | Found a runed translucent gate.
 11091 | D:8      | Found a runed translucent gate.
 11092 | D:8      | Identified a scroll of acquirement
 11377 | D:8      | Identified the ring of Dyannoc {Fire rN+++ Int+3 Dex-2
                  | SInv}
 12132 | D:8      | Killed initializr's ghost
 12174 | D:8      | Reached skill level 10 in Spellcasting
 12188 | D:8      | Acquired 1049 gold pieces
 12267 | D:9      | Found a flagged portal.
 12300 | Bailey   | Entered a bailey
 12307 | Bailey   | Noticed an orc knight
 12474 | Bailey   | Noticed an orc knight
 12477 | Bailey   | Noticed an orc knight
 12503 | Bailey   | Killed an orc knight
 12504 | Bailey   | Reached skill level 1 in Evocations
 12509 | Bailey   | Killed an orc knight
 12510 | Bailey   | Reached skill level 2 in Evocations
 12518 | Bailey   | Killed an orc knight
 12519 | Bailey   | Reached skill level 3 in Evocations
 12548 | Bailey   | Reached skill level 4 in Evocations
 12790 | D:9      | You add the spells Sting, Poisonous Vapours and Olgreb's
                  | Toxic Radiance to your library.
 12798 | D:9      | Learned a level 4 spell: Olgreb's Toxic Radiance
 12804 | D:9      | Noticed a two-headed ogre
 12811 | D:9      | Killed a two-headed ogre
 12812 | D:9      | Reached skill level 2 in Poison Magic
 12867 | D:9      | Reached skill level 3 in Poison Magic
 12873 | D:9      | Reached **** piety under Ashenzari
 12906 | D:9      | Reached skill level 4 in Poison Magic
 12949 | D:9      | Found a staircase to the Lair.
 13098 | D:9      | Found a runed translucent gate.
 13098 | D:9      | Found a runed translucent gate.
 13098 | D:9      | Found a runed translucent gate.
 13103 | D:9      | Noticed Athor's ghost (journeyman FoFi)
 13281 | D:9      | Reached skill level 8 in Fighting
 13466 | D:10     | Entered Level 10 of the Dungeon
 13470 | D:10     | Noticed Urug
 13508 | Lair:1   | Entered Level 1 of the Lair of Beasts
 13560 | Lair:1   | Reached XP level 12. HP: 82/82 MP: 26/29
 13780 | Lair:1   | Reached skill level 9 in Fighting
 13971 | Lair:1   | Learned a level 4 spell: Iskenderun's Mystic Blast
 14684 | Lair:2   | Noticed a catoblepas
 14695 | Lair:2   | Killed a catoblepas
 14696 | Lair:2   | Reached skill level 2 in Translocations
 14795 | Lair:2   | Reached skill level 3 in Translocations
 15048 | Lair:2   | You pick up a book of the Hunter and begin reading...
 15048 | Lair:2   | You add the spells Call Canine Familiar, Portal Projectile
                  | and Leda's Liquefaction to your library.
 15236 | Lair:2   | Reached skill level 4 in Translocations
 15343 | Lair:2   | Noticed Gastronok
 15361 | Lair:2   | Killed Gastronok
 15362 | Lair:2   | Reached skill level 5 in Translocations
 16180 | Lair:3   | Found a staircase to the Swamp.
 16186 | Lair:3   | Reached skill level 10 in Fighting
 16222 | Lair:3   | Reached skill level 11 in Fighting
 16336 | Lair:3   | Found a staircase to the Snake Pit.
 16411 | Lair:3   | Noticed Amaemon
 16423 | Lair:3   | Killed Amaemon
 16525 | Lair:3   | Reached ***** piety under Ashenzari
 16640 | Lair:3   | Reached XP level 13. HP: 98/98 MP: 20/33
 16641 | Lair:3   | Reached skill level 1 in Short Blades
 16644 | Lair:3   | Reached skill level 2 in Short Blades
 17021 | Lair:4   | Reached skill level 3 in Short Blades
 17150 | Lair:4   | Reached skill level 4 in Short Blades
 17215 | Lair:4   | Reached skill level 5 in Short Blades
 17230 | Lair:4   | Reached skill level 6 in Short Blades
 17292 | Lair:4   | Found a staircase to the Slime Pits.
 17292 | Lair:4   | Found a viscous altar of Jiyva.
 17371 | Lair:4   | Reached skill level 7 in Short Blades
 17643 | Lair:4   | You pick up a book of Misfortune and begin reading...
 17643 | Lair:4   | You add the spells Yara's Violent Unravelling and Enfeeble
                  | to your library.
 17962 | Lair:4   | Reached skill level 3 in Stealth
 18215 | Lair:5   | Entered Level 5 of the Lair of Beasts
 18304 | Lair:5   | Reached skill level 4 in Stealth
 18313 | Lair:5   | Reached skill level 5 in Stealth
 18327 | Lair:5   | Reached skill level 6 in Stealth
 18431 | Lair:5   | Found a gate leading to a gauntlet.
 18442 | Gauntlet | Entered a Gauntlet
 18442 | Gauntlet | Found a transporter.
 18562 | Gauntlet | Found a transporter.
 18577 | Gauntlet | Found a transporter.
 18582 | Gauntlet | Found a transporter.
 18591 | Gauntlet | Noticed an entropy weaver
 18597 | Gauntlet | Found a transporter.
 18606 | Gauntlet | Identified the amulet of Mepiwap {Faith rF- Regen+ Stlth+}
 18614 | Gauntlet | Identified the +0 hat of Bad Feelings {rF+}
 18616 | Gauntlet | Found a transporter.
 18628 | Gauntlet | Found a transporter.
 18630 | Gauntlet | Noticed a dire elephant
 18636 | Gauntlet | Found a large runed translucent door.
 18637 | Gauntlet | Found a large runed translucent door.
 18638 | Gauntlet | Found a large runed translucent door.
 18638 | Gauntlet | Found a large runed translucent door.
 18639 | Gauntlet | Found a runed translucent gate.
 18640 | Gauntlet | Found a transporter.
 18640 | Gauntlet | Found a runed translucent gate.
 18641 | Gauntlet | Found a runed translucent gate.
 18642 | Gauntlet | Found a large runed translucent door.
 18642 | Gauntlet | Found a large runed translucent door.
 18642 | Gauntlet | Identified the +4 ring mail of Zin {rElec Regen+ Slay+4
                  | Stlth-}
 18643 | Gauntlet | Found a large runed translucent door.
 18644 | Gauntlet | Found a large runed translucent door.
 18652 | Gauntlet | Found a transporter.
 18653 | Gauntlet | Found the necklace of Bloodlust {*Rage Will++ Int-3 Slay+6}
 18664 | Gauntlet | Found a transporter.
 18665 | Gauntlet | Identified the +0 cloak of Jitoss {Str+5}
 18681 | Gauntlet | Found a transporter.
 18698 | Gauntlet | Found a transporter.
 18700 | Gauntlet | Found a transporter.
 18727 | Gauntlet | Found a transporter.
 18747 | Gauntlet | Found a transporter.
 18924 | Gauntlet | Found a transporter.
 18935 | Gauntlet | Reached skill level 7 in Stealth
 18958 | Gauntlet | Found a transporter.
 18973 | Gauntlet | Found a large runed translucent door.
 18988 | Gauntlet | Found a large runed translucent door.
 18990 | Gauntlet | Found a transporter.
 18993 | Gauntlet | Found a large runed translucent door.
 18993 | Gauntlet | Found a large runed translucent door.
 18995 | Gauntlet | Found a large runed translucent door.
 18995 | Gauntlet | Found a large runed translucent door.
 18995 | Gauntlet | Found a runed translucent door.
 18995 | Gauntlet | Found a runed translucent door.
 18997 | Gauntlet | Found a large runed translucent door.
 18998 | Gauntlet | Found a large runed translucent door.
 19200 | Gauntlet | You add the spells Summon Forest and Eringya's Noxious Bog
                  | to your library.
 19212 | Gauntlet | Paralysed by you for 2 turns
 19215 | Gauntlet | Reached skill level 8 in Stealth
 19246 | Gauntlet | Learned a level 6 spell: Eringya's Noxious Bog
 19252 | Gauntlet | Learned a level 5 spell: Summon Forest
 19255 | Gauntlet | Identified Biseirpho's Textbook on Shivering Blasting
 19255 | Gauntlet | Noticed a minotaur
 19271 | Gauntlet | HP: 23/98 [minotaur/staff of earth (17)]
 19274 | Gauntlet | Killed a minotaur
 19275 | Gauntlet | Reached skill level 1 in Summonings
 19275 | Gauntlet | Reached skill level 1 in Transmutations
 19515 | Gauntlet | You add the spells Freeze and Chain Lightning to your
                  | library.
 19515 | Gauntlet | You pick up a book of Callings and begin reading...
 19515 | Gauntlet | You add the spells Summon Small Mammal and Summon Guardian
                  | Golem to your library.
 19515 | Gauntlet | You pick up a book of Displacement and begin reading...
 19515 | Gauntlet | You add the spells Lesser Beckoning, Gell's Gravitas and
                  | Teleport Other to your library.
 19515 | Gauntlet | You pick up a book of Transfigurations {@e2} and begin
                  | reading...
 19515 | Gauntlet | You add the spells Irradiate, Blade Hands and Dragon Form
                  | to your library.
 19522 | Gauntlet | Learned a level 5 spell: Irradiate
 19718 | Lair:5   | Reached skill level 2 in Summonings
 19724 | Lair:5   | Reached skill level 2 in Transmutations
 19724 | Lair:5   | Gained mutation: Your large and strong wings let you fly.
                  | [Gargoyle growth]
 19724 | Lair:5   | Reached XP level 14. HP: 85/104 MP: 19/34
 19755 | Lair:5   | Reached skill level 3 in Summonings
 19975 | Lair:5   | Reached skill level 3 in Transmutations
 20176 | Lair:5   | Reached skill level 5 in Poison Magic
 20192 | Lair:5   | Reached skill level 4 in Transmutations
 20404 | Lair:5   | Reached skill level 6 in Poison Magic
 21162 | Lair:2   | Reached skill level 5 in Transmutations
 21307 | D:10     | Noticed Lodul
 21312 | D:10     | Killed Lodul
 21369 | D:10     | magus.rc [v1.9.6]
 21878 | D:10     | Killed Urug
 22215 | D:11     | Reached skill level 6 in Transmutations
 22811 | D:12     | Found a staircase to the Orcish Mines.
 22870 | D:12     | Reached skill level 5 in Evocations
 23456 | D:13     | Reached XP level 15. HP: 99/107 MP: 29/35
 23537 | D:13     | Reached skill level 6 in Evocations
 24368 | D:13     | Reached skill level 7 in Evocations
 24696 | D:14     | Found a hide-covered altar of Uskayaw.
 24869 | D:14     | Reached skill level 1 in Armour
 24881 | D:14     | Reached skill level 2 in Armour
 24935 | D:14     | Found a gate to the Vaults.
 24999 | D:14     | Reached skill level 3 in Armour
 25186 | D:14     | You pick up a book of Blasting and begin reading...
 25186 | D:14     | You add the spells Kindle Blastsparks and Lee's Rapid
                  | Deconstruction to your library.
 25466 | D:13     | Reached skill level 4 in Armour
 25678 | D:14     | Found Geces's Jewellery Boutique.
 25846 | Orc:1    | Entered Level 1 of the Orcish Mines
 25848 | Orc:1    | Noticed an orc warlord
 25853 | Orc:1    | Noticed Erica
 25863 | Orc:1    | Killed an orc warlord
 25864 | Orc:1    | Reached skill level 5 in Armour
 25868 | Orc:1    | Killed Erica
 25873 | Orc:1    | Found Sererr's Antique Armour Emporium.
 25934 | Orc:1    | Bought a runed helmet for 225 gold pieces
 26041 | Orc:2    | Entered Level 2 of the Orcish Mines
 26056 | Orc:2    | Reached skill level 6 in Armour
 26365 | Orc:2    | Found Vaveisyn's Armour Shop.
 26429 | Orc:2    | Noticed an orc warlord
 26453 | Orc:2    | Killed an orc warlord
 26520 | Orc:2    | Reached skill level 7 in Armour
 26524 | Orc:2    | Found Uvoh's Assorted Antiques.
 26524 | Orc:2    | Found Bujagh's Distillery.
 26524 | Orc:2    | Found Wajehoil's Armour Shoppe.
 26547 | Orc:2    | Reached skill level 8 in Armour
 26561 | Orc:2    | Found Ymaph's Antique Armour Boutique.
 26576 | Orc:2    | Bought a potion of heal wounds for 60 gold pieces
 26576 | Orc:2    | Bought a potion of heal wounds for 60 gold pieces
 26576 | Orc:2    | Bought a potion of mutation for 96 gold pieces
 26577 | Orc:2    | Bought a potion of heal wounds for 175 gold pieces
 26581 | Orc:2    | Bought a forked iron wand for 140 gold pieces
 26707 | Orc:2    | Found a staircase to the Elven Halls.
 26732 | Orc:2    | Bought a buckler for 126 gold pieces
 27174 | Orc:2    | Learned a level 5 spell: Yara's Violent Unravelling
 27177 | Orc:1    | Noticed Josephine
 27185 | Orc:1    | Killed Josephine
 27417 | Orc:2    | Noticed Sonja
 27420 | Orc:2    | Killed Sonja
 27433 | Elf:1    | Entered Level 1 of the Elven Halls
 27439 | Elf:1    | Reached skill level 9 in Armour
 27513 | Elf:1    | Reached skill level 10 in Armour
 27520 | Elf:1    | Reached skill level 12 in Fighting
 27800 | Elf:1    | Reached XP level 16. HP: 107/116 MP: 27/37
 27888 | Elf:1    | Identified the +1 pair of gloves of the Trilobite {Slay+5}
 27888 | Elf:1    | Noticed Nikola
 27908 | Elf:1    | Killed Nikola
 27909 | Elf:1    | Reached skill level 13 in Fighting
 28086 | Elf:1    | Paralysed by an air elemental for 1 turns
 28197 | Elf:1    | Found an ancient bone altar of Kikubaaqudgha.
 28348 | Elf:1    | Found the +8 mithril axe "Arga" {speed, Will+}
 28627 | Elf:1    | Reached skill level 1 in Axes
 28652 | Elf:1    | Paralysed by an air elemental for 1 turns
 28655 | Elf:1    | Paralysed by an air elemental for 1 turns
 28696 | Elf:1    | Reached skill level 2 in Axes
 28742 | Elf:1    | Paralysed by an air elemental for 1 turns
 28774 | Elf:1    | Reached skill level 3 in Axes
 29257 | D:15     | Entered Level 15 of the Dungeon
 29257 | D:15     | Identified the +2 robe of the Heavens {rN+++ MP+9 Int-3
                  | Dex+3}
 29339 | D:15     | Reached skill level 4 in Axes
 29360 | D:15     | Reached skill level 1 in Shields
 29725 | D:15     | Reached skill level 2 in Shields
 29994 | D:15     | Found Tetam's General Store.
 30001 | D:15     | Bought the Tome of Spellbinding Attacks for 416 gold pieces
 30001 | D:15     | You add the spells Ensorcelled Hibernation and Iron Shot to
                  | your library.
 30008 | D:15     | Learned a level 6 spell: Iron Shot
 30128 | D:15     | Reached skill level 3 in Shields
 30337 | D:15     | Reached skill level 4 in Shields
 30390 | D:15     | Reached skill level 5 in Shields
 30459 | D:15     | Found a staircase to the Depths.
 30816 | Snake:1  | Entered Level 1 of the Snake Pit
 30816 | Snake:1  | Found Goax Nal's Weapon Boutique.
 30916 | Snake:1  | Reached skill level 6 in Shields
 31081 | Snake:1  | Found Zechaps's Distillery.
 31086 | Snake:1  | Found Teusoi's General Store.
 31088 | Snake:1  | Bought a potion of haste for 110 gold pieces
 31088 | Snake:1  | Bought a potion of haste for 110 gold pieces
 31088 | Snake:1  | Bought a potion of curing for 33 gold pieces
 31088 | Snake:1  | Bought a potion of curing for 33 gold pieces
 31103 | Snake:1  | Bought 2 potions of heal wounds for 160 gold pieces
 31103 | Snake:1  | Bought a scroll of fear for 64 gold pieces
 31149 | Snake:1  | Reached skill level 7 in Shields
 31367 | Snake:1  | Reached skill level 5 in Axes
 31551 | Snake:1  | Noticed Louise
 31702 | Snake:2  | Reached skill level 6 in Axes
 31823 | Snake:2  | Reached skill level 1 in Earth Magic
 31823 | Snake:2  | Reached XP level 17. HP: 124/124 MP: 34/38
 31888 | Snake:2  | Reached skill level 2 in Earth Magic
 31898 | Snake:2  | Noticed Donald
 31904 | Snake:2  | Gained mutation: You are frail. (-10% HP) [you]
 31906 | Snake:2  | Reached skill level 3 in Earth Magic
 31906 | Snake:2  | Killed Donald
 31907 | Snake:2  | Reached skill level 4 in Earth Magic
 32009 | Snake:2  | Reached skill level 5 in Earth Magic
 32025 | Snake:2  | Y - a +0 eveningstar {macerare=g}
 32087 | Snake:2  | You pick up a book of the Spheres and begin reading...
 32087 | Snake:2  | You add the spells Iskenderun's Battlesphere, Fireball,
                  | Conjure Ball Lightning and Orb of Destruction to your
                  | library.
 32437 | Snake:3  | Reached skill level 6 in Earth Magic
 32487 | Snake:3  | Noticed Saint Roka
 32505 | Snake:3  | HP: 20/111 [Saint Roka/divine providence (15)]
 32506 | Snake:3  | Killed Saint Roka
 32507 | Snake:3  | Reached skill level 7 in Earth Magic
 32898 | Snake:3  | Reached skill level 8 in Earth Magic
 32985 | Snake:3  | Reached skill level 9 in Earth Magic
 32999 | Snake:3  | Identified Sif Muna's Compendium of Darkness
 33174 | Snake:3  | Found Esuhid's Jewellery Boutique.
 33178 | Snake:3  | Found Byemik's Book Emporium.
 33179 | Snake:3  | Noticed Azrael
 33189 | Snake:3  | Killed Azrael
 33210 | Snake:3  | Found Ysuiti's Jewellery Boutique.
 33223 | Snake:3  | Bought the ring of Onien {rF+ AC+4} for 650 gold pieces
 33227 | Snake:3  | Bought a Grand Grimoire for 544 gold pieces
 33227 | Snake:3  | You add the spells Malign Gateway and Summon Horrible
                  | Things to your library.
 33227 | Snake:3  | Bought a book of Unlife for 576 gold pieces
 33227 | Snake:3  | You pick up a book of Unlife and begin reading...
 33227 | Snake:3  | You add the spells Animate Dead, Borgnjor's Vile Clutch and
                  | Death Channel to your library.
 33236 | Snake:3  | Learned a level 6 spell: Death Channel
 33265 | Snake:3  | Reached skill level 1 in Necromancy
 33730 | Snake:3  | Reached skill level 2 in Necromancy
 34089 | Snake:4  | Entered Level 4 of the Snake Pit
 34392 | Snake:4  | Reached skill level 3 in Necromancy
 34470 | Snake:4  | HP: 19/109 [naga sharpshooter/bolt (12)]
 34858 | Snake:4  | Reached skill level 4 in Necromancy
 35048 | Snake:4  | Found Qigugg's Antique Armour Boutique.
 35083 | Snake:4  | Bought a bloodstained chain mail for 256 gold pieces
 35083 | Snake:4  | Identified the +11 chain mail of the Evil One {rF- rN+
                  | Str+6 Int+5} (You bought it in a shop on level 4 of the
                  | Snake Pit)
 35084 | Snake:4  | Bought a steaming chain mail for 256 gold pieces
 35084 | Snake:4  | Identified the +8 chain mail of the Everdark {Int+4 Dex+2}
                  | (You bought it in a shop on level 4 of the Snake Pit)
 35280 | Snake:4  | Reached skill level 5 in Necromancy
 35521 | Snake:4  | Found Tezuemuer's Antique Armour Shoppe.
 35523 | Snake:4  | Found Adghomm's Assorted Antiques.
 35526 | Snake:4  | Found Dulin's Antique Armour Shoppe.
 35537 | Snake:4  | Reached skill level 6 in Necromancy
 35547 | Snake:4  | Bought an ichor-stained scale mail for 207 gold pieces
 35547 | Snake:4  | Identified the +6 scale mail "Miheps" {Harm Str+3} (You
                  | bought it in a shop on level 4 of the Snake Pit)
 35989 | Snake:4  | Reached skill level 7 in Necromancy
 35989 | Snake:4  | Reached XP level 18. HP: 81/115 MP: 15/38
 36094 | Snake:4  | Noticed Vashnia
 36423 | Snake:4  | Killed Vashnia
 36459 | Snake:4  | Reached skill level 10 in Conjurations
 36533 | Snake:4  | Got a serpentine rune of Zot
 36770 | Snake:4  | Found a runed translucent gate.
 36770 | Snake:4  | Found a runed translucent gate.
 36770 | Snake:4  | Found a runed translucent gate.
 36795 | Snake:4  | Reached skill level 11 in Conjurations
 37039 | Swamp:1  | Entered Level 1 of the Swamp
 37057 | Swamp:1  | Reached skill level 12 in Conjurations
 37163 | Swamp:1  | Identified Roxanne's Folio of the Caves
 37163 | Swamp:1  | Noticed Roxanne
 37218 | Swamp:1  | Found a frozen archway.
 37323 | IceCv    | Entered an ice cave
 37669 | IceCv    | Reached skill level 13 in Conjurations
 37814 | IceCv    | Found a viscous altar of Jiyva.
 37897 | IceCv    | Identified the +9 shortbow "Grom" {drain, SInv}
 37897 | IceCv    | Identified the ring of Ojann {Ice Str+4}
 38155 | IceCv    | You pick up a book of Lightning and begin reading...
 38155 | IceCv    | You add the spells Static Discharge and Lightning Bolt to
                  | your library.
 38344 | Swamp:1  | Reached skill level 11 in Spellcasting
 38899 | Swamp:2  | Noticed a tentacled monstrosity
 39561 | Swamp:2  | Noticed Mlioglotl
 39564 | Swamp:2  | Gained mutation: You have hidden genetic defects. [a
                  | neqoxec]
 39570 | Swamp:2  | Killed Mlioglotl
 39571 | Swamp:2  | Reached skill level 12 in Spellcasting
 39619 | Swamp:2  | Lost mutation: You are frail. (-10% HP) [potion of
                  | mutation]
 39619 | Swamp:2  | Lost mutation: You have hidden genetic defects. [potion of
                  | mutation]
 39619 | Swamp:2  | Gained mutation: You occasionally lose the ability to drink
                  | potions when taking damage. [potion of mutation]
 39619 | Swamp:2  | Gained mutation: Your mind is acute. (Int +4, Str/Dex -1)
                  | [potion of mutation]
 39620 | Swamp:2  | Lost mutation: Your mind is acute. (Int +4, Str/Dex -1)
                  | [potion of mutation]
 39620 | Swamp:2  | Lost mutation: You occasionally lose the ability to drink
                  | potions when taking damage. [potion of mutation]
 39620 | Swamp:2  | Gained mutation: You are occasionally teleported next to
                  | monsters. [potion of mutation]
 39620 | Swamp:2  | Gained mutation: You sometimes lose your temper in combat.
                  | [potion of mutation]
 39620 | Swamp:2  | Gained mutation: Your body sometimes deteriorates upon
                  | taking damage. [potion of mutation]
 39621 | Swamp:2  | Lost mutation: You are occasionally teleported next to
                  | monsters. [potion of mutation]
 39621 | Swamp:2  | Lost mutation: You sometimes lose your temper in combat.
                  | [potion of mutation]
 39621 | Swamp:2  | Gained mutation: Your spells are a little harder to cast,
                  | but a little more powerful. [potion of mutation]
 39622 | Swamp:2  | Lost mutation: Your body sometimes deteriorates upon taking
                  | damage. [potion of mutation]
 39622 | Swamp:2  | Lost mutation: Your spells are a little harder to cast, but
                  | a little more powerful. [potion of mutation]
 39622 | Swamp:2  | Gained mutation: Your spells are a little harder to cast,
                  | but a little more powerful. [potion of mutation]
 39622 | Swamp:2  | Gained mutation: You are strong-willed. (Will+) [potion of
                  | mutation]
 39742 | Swamp:2  | Killed a tentacled monstrosity
 39852 | Swamp:2  | You pick up a book of Sloth and begin reading...
 39852 | Swamp:2  | You add the spells Petrify and Metabolic Englaciation to
                  | your library.
 40347 | Swamp:3  | Reached XP level 19. HP: 135/135 MP: 29/42
 40770 | Swamp:3  | Reached skill level 13 in Spellcasting
 41008 | Swamp:4  | Entered Level 4 of the Swamp
 41212 | Swamp:4  | Reached skill level 14 in Spellcasting
 41218 | Swamp:4  | HP: 28/135 [swamp worm (11)]
 41939 | Swamp:4  | Got a decaying rune of Zot
 42005 | Swamp:4  | Gained mutation: You have hidden genetic potential. [you]
 42177 | Swamp:4  | Noticed a tentacled monstrosity
 42184 | Swamp:4  | Killed a tentacled monstrosity
 42654 | Vaults:1 | Entered Level 1 of the Vaults
 42913 | Vaults:1 | Reached skill level 15 in Spellcasting
 43489 | Vaults:1 | Reached skill level 4 in Summonings
 43588 | Vaults:1 | Reached skill level 5 in Summonings
 43810 | Vaults:1 | Reached skill level 6 in Summonings
 44234 | Vaults:1 | Reached skill level 7 in Summonings
 44273 | Vaults:1 | Reached XP level 20. HP: 112/140 MP: 39/45
 44638 | Vaults:1 | Learned a level 7 spell: Malign Gateway
 44669 | Vaults:2 | Identified the +8 halberd "Ebamin" {flame, rPois}
 44782 | Vaults:2 | Found Ynealad's Assorted Antiques.
 44807 | Vaults:2 | You pick up a book of Decay and begin reading...
 44856 | Vaults:2 | Reached skill level 8 in Summonings
 44970 | Vaults:2 | Reached ****** piety under Ashenzari
 45219 | Vaults:2 | Reached skill level 6 in Translocations
 45262 | Vaults:2 | Reached skill level 9 in Summonings
 45322 | Vaults:1 | Reached skill level 7 in Translocations
 45793 | Vaults:2 | Gained mutation: Your muscles are strong. (Str +4, Int/Dex
                  | -1) [hidden potential]
 45825 | Vaults:2 | Reached skill level 8 in Translocations
 45893 | Vaults:2 | Reached skill level 10 in Summonings
 46066 | Vaults:2 | You pick up a book of Frost and begin reading...
 46066 | Vaults:2 | You add the spells Frozen Ramparts and Hailstorm to your
                  | library.
 47194 | Snake:4  | Bought the +3 pair of mountain boots {steadfast, rC+} for
                  | 1139 gold pieces
 47194 | Snake:4  | Found the +3 pair of mountain boots {steadfast, rC+}
 47206 | Snake:4  | You drop a +0 eveningstar {macerare=g}.
 47786 | Vaults:3 | Acquired 882 gold pieces
 48170 | Snake:4  | Y - a +0 eveningstar {macerare=g}
 48171 | Snake:4  | You drop a +0 eveningstar {macerare=g}.
 48172 | Snake:4  | Bought a brightly glowing ring mail for 306 gold pieces
 48172 | Snake:4  | Identified the +1 ring mail of Fixunaw {rPois rF++ rC-
                  | Int+3} (You bought it in a shop on level 4 of the Snake
                  | Pit)
 48175 | Snake:4  | Y - a +0 eveningstar {macerare=g}
 48177 | Snake:4  | You drop a +0 eveningstar {macerare=g}.
 48570 | Vaults:3 | Found Orunuah's Armour Emporium.
 48576 | Vaults:3 | HP: 32/140 [deep troll[an ironbound preserver] (14)]
 48812 | Vaults:3 | Identified the +3 ring mail of Anarchy {rC+}
 48843 | Vaults:3 | Reached skill level 9 in Translocations
 49048 | Vaults:3 | Reached skill level 11 in Summonings
 49205 | Vaults:3 | Reached XP level 21. HP: 146/146 MP: 40/46
 49959 | Vaults:3 | Found a staircase to the Crypt.
 49964 | Vaults:3 | Reached skill level 10 in Translocations
 50340 | Vaults:4 | Learned a level 4 spell: Animate Dead
 50689 | Vaults:4 | k - +0 storm dragon scales {rare}
 50781 | Vaults:4 | Reached skill level 12 in Summonings
 50839 | Vaults:4 | Gained mutation: You are agile. (Dex +4, Str/Int -1)
                  | [hidden potential]
 50839 | Vaults:4 | Lost mutation: You have hidden genetic potential. [hidden
                  | potential expressed]
 50981 | Vaults:4 | Found Qiho's Armour Boutique.
 51053 | Vaults:4 | Reached skill level 11 in Translocations
 51137 | Vaults:4 | Reached skill level 13 in Summonings
 51799 | Vaults:4 | magus.rc [v1.9.6]
 52105 | Elf:1    | Learned a level 8 spell: Summon Horrible Things
 52362 | Elf:2    | You drop +0 storm dragon scales {rare}.
 52805 | Elf:2    | Found a runed translucent gate.
 52805 | Elf:2    | Found a runed translucent gate.
 52805 | Elf:2    | Found a runed translucent gate.
 52864 | Elf:3    | Entered Level 3 of the Elven Halls
 52864 | Elf:3    | Found an ancient bone altar of Kikubaaqudgha.
 53326 | Elf:3    | Reached skill level 14 in Summonings
 53615 | Elf:3    | Noticed Mara
 53626 | Elf:3    | Noticed MackTheKnife's illusion
 53635 | Elf:3    | Killed Mara
 53764 | Elf:3    | Reached XP level 22. HP: 131/153 MP: 35/48
 54179 | Elf:3    | Noticed Zenata
 54184 | Elf:3    | Killed Zenata
 54185 | Elf:3    | Reached skill level 7 in Axes
 54203 | Elf:3    | Your ally Zenata died
 54226 | Elf:3    | Reached skill level 8 in Axes
 54246 | Elf:3    | Gained mutation: Armour fits poorly on your strangely
                  | shaped body. [you]
 54681 | Elf:3    | Reached skill level 9 in Axes
 55155 | Elf:3    | d - a +5 triple sword {longrare=g}
 55196 | Elf:3    | Reached skill level 10 in Axes
 55337 | Elf:3    | Identified Diestris's Volume of Baleful Shaping
 55343 | Elf:3    | You add the spells Spider Form, Cause Fear and Ice Form to
                  | your library.
 55353 | Elf:3    | Identified the +10 long sword of Jaurru Fump {venom, rElec
                  | rPois rN+ Str-5 Dex-2}
 55366 | Elf:3    | Identified the +7 mace of Ytzucate {drain, Str+2 Int+3
                  | SInv}
 55381 | Elf:3    | You pick up a book of the Dragon and begin reading...
 55388 | Elf:3    | You pick up a book of the Tundra and begin reading...
 55409 | Elf:3    | You pick up a book of Flames and begin reading...
 55409 | Elf:3    | You add the spells Inner Flame, Sticky Flame and Flame Wave
                  | to your library.
 55428 | Elf:3    | Identified the +7 trident of a volcano {freeze, *Rage Fly
                  | Int+10 Dex+3}
 55428 | Elf:3    | Identified the ring of Cegomapp {rCorr Int+4}
 55439 | Elf:3    | You pick up a book of Weapons and begin reading...
 55455 | Elf:3    | You pick up a book of the Warp and begin reading...
 55455 | Elf:3    | You add the spells Manifold Assault, Dispersal and
                  | Disjunction to your library.
 55570 | Elf:3    | Found the dreamshard necklace {*Dream Drain}
 55575 | Elf:3    | Identified the +1 chain mail of the Fisher {Rampage *Slow
                  | Str+5}
 55609 | Elf:3    | You pick up a book of the Moon and begin reading...
 55609 | Elf:3    | You add the spells Passage of Golubria, Silence and
                  | Lehudib's Crystal Spear to your library.
 55910 | Depths:1 | Entered Level 1 of the Depths
 56003 | Depths:1 | Reached skill level 11 in Axes
 56014 | Depths:1 | Found a gateway to Hell.
 56035 | Depths:1 | Identified the +6 battleaxe of Ru's Favour {vorpal, rC+
                  | Str+5}
 56098 | Depths:1 | Reached skill level 12 in Axes
 56348 | Depths:1 | Identified the ring of Hesaf {Str+4 Dex+6 Stlth+}
 56903 | Depths:1 | Reached skill level 13 in Axes
 57004 | Depths:1 | Reached XP level 23. HP: 159/159 MP: 12/49
 57060 | Depths:1 | Could not pick up a +2 quick blade of venom {shortrare=g}
                  | here; ([A]lways) ignore it?
 57060 | Depths:1 | Could not pick up a +2 quick blade of venom {shortrare=g}
                  | here; ([A]lways) ignore it?
 57060 | Depths:1 | Could not pick up a +2 quick blade of venom {shortrare=g}
                  | here; ([A]lways) ignore it?
 57064 | Depths:1 | Found the +3 pair of seven-league boots {Rampage+∞}
 57075 | Depths:1 | You drop a +5 triple sword {longrare=g}.
 57092 | Depths:1 | d - a +5 triple sword {longrare=g}
 57213 | Depths:1 | Identified the +3 dagger of Kiqosiso {freeze, +Blink rC+
                  | Str+2 Dex+3}
 57230 | Depths:1 | You pick up a book of Armaments and begin reading...
 57230 | Depths:1 | You add the spells Stone Arrow and Animate Armour to your
                  | library.
 57436 | Depths:2 | Found a white marble altar of Elyvilon.
 57760 | Depths:2 | Found a sacrificial altar of Ru.
 57883 | Depths:2 | Reached skill level 14 in Axes
 58433 | Depths:2 | Noticed a golden dragon
 58456 | Depths:2 | Killed a golden dragon
 58456 | Depths:2 | Identified +0 gold dragon scales
 58631 | Depths:2 | e - +0 gold dragon scales {rare}
 58654 | Depths:2 | You drop +0 gold dragon scales {rare}.
 58722 | Depths:2 | Found a one-way gate leading to the halls of Pandemonium.
 58893 | Depths:2 | Noticed a golden dragon
 58934 | Depths:2 | Killed a golden dragon
 58934 | Depths:2 | Identified +0 gold dragon scales
 58971 | Depths:2 | e - +0 gold dragon scales {rare}
 58972 | Depths:2 | You drop +0 gold dragon scales {rare}.
 59179 | Depths:2 | e - +0 shadow dragon scales {rare}
 59195 | Depths:2 | Noticed a caustic shrike
 59200 | Depths:2 | Killed a caustic shrike
 59201 | Depths:2 | Reached skill level 14 in Fighting
 59222 | Depths:2 | Identified the Volume of Icy Spellbinding
 59231 | Depths:2 | You add the spells Confusing Touch and Summon Mana Viper to
                  | your library.
 59668 | Depths:3 | Found a one-way gateway to a ziggurat.
 59975 | Depths:3 | Found a one-way gate to the infinite horrors of the Abyss.
 60022 | Depths:3 | o - +0 shadow dragon scales {rare}
 60256 | Depths:3 | Found the +8 Wrath of Trog {antimagic, *Rage Rampage}
 60282 | Depths:3 | Reached skill level 16 in Spellcasting
 60283 | Depths:3 | Noticed Sojobo
 60285 | Depths:3 | Paralysed by an air elemental for 1 turns
 60289 | Depths:3 | Paralysed by an air elemental for 1 turns
 60293 | Depths:3 | Paralysed by an air elemental for 1 turns
 60307 | Depths:3 | Killed Sojobo
 60308 | Depths:3 | Reached skill level 15 in Fighting
 60321 | Depths:3 | Noticed Frederick
 60328 | Depths:3 | Killed Frederick
 60400 | Depths:3 | H - a +1 double sword of holy wrath {longrare=g}
 60451 | Depths:3 | Noticed Grunn
 60459 | Depths:3 | Killed Grunn
 60464 | Depths:3 | Your ally Frederick died
 60476 | Depths:3 | Your ally Sojobo died
 60480 | Depths:3 | HP: 38/158 [reaper/+4 scythe of flaming[a doom hound] (28)]
 61112 | Depths:3 | Paralysed by you for 4 turns
 61665 | Depths:3 | Found Ranoic's Antique Weapon Emporium.
 62068 | Depths:3 | You drop a +5 triple sword {longrare=g}.
 62069 | Depths:3 | You drop +0 shadow dragon scales {rare}.
 62070 | Depths:3 | You drop +0 shadow dragon scales {rare}.
 62071 | Depths:3 | You drop a +1 double sword of holy wrath {longrare=g}.
 62123 | Depths:4 | Entered Level 4 of the Depths
 62126 | Depths:4 | Reached XP level 24. HP: 166/166 MP: 37/48
 62223 | Depths:4 | Identified the +0 chain mail of Wrong Decisions {Str+4
                  | Int+3}
 62340 | Depths:3 | Reached skill level 16 in Fighting
 63036 | Depths:4 | Reached skill level 17 in Spellcasting
 63351 | Depths:4 | Found a gate to the Realm of Zot.
 64292 | Slime:1  | Entered Level 1 of the Pits of Slime
 64328 | Slime:1  | Lost mutation: Your muscles are strong. (Str +4, Int/Dex
                  | -1) [a shining eye]
 64337 | Slime:1  | Found a corrupted altar of Lugonu.
 65486 | Slime:3  | Reached skill level 18 in Spellcasting
 65674 | Slime:2  | Found a viscous altar of Jiyva.
 65776 | Slime:4  | Noticed Dissolution
 65782 | Slime:4  | Killed Dissolution
 66766 | Slime:5  | Entered Level 5 of the Pits of Slime
 66834 | Slime:5  | Reached skill level 19 in Spellcasting
 66871 | Slime:5  | Noticed the Royal Jelly
 66899 | Slime:5  | Killed the Royal Jelly
 66934 | Slime:5  | Reached XP level 25. HP: 154/173 MP: 17/51
 66980 | Slime:5  | Found the +18 shield of the Gong {rElec rN+ Will+ EV-5}
 66984 | Slime:5  | Found the +3 warlock's mirror {reflect}
 66987 | Slime:5  | Found the +1 cloak of Starlight {*Dazzle EV+4 Stlth--}
 66990 | Slime:5  | Identified the Exposition on Mortification
 67050 | Slime:5  | You pick up a book of Blasting and begin reading...
 67069 | Slime:5  | You pick up a book of Frost and begin reading...
 67096 | Slime:5  | Got a slimy rune of Zot
 67098 | Slime:5  | You pick up a book of Burglary and begin reading...
 67098 | Slime:5  | You add the spells Passwall and Swiftness to your library.
 67832 | Crypt:1  | Entered Level 1 of the Crypt
 67906 | Crypt:1  | Identified the +7 sling "Ichairea" {vorpal, rC+ Int+3}
 68044 | Crypt:1  | Learned a level 5 spell: Lee's Rapid Deconstruction
 68079 | Crypt:1  | Learned a level 6 spell: Dispersal
 68182 | Crypt:1  | Reached skill level 17 in Fighting
 68398 | Crypt:1  | Paralysed by a vampire knight for 4 turns
 68660 | Crypt:1  | Found a basalt altar of Yredelemnul.
 69259 | Crypt:2  | Reached skill level 7 in Dodging
 69374 | Crypt:2  | Reached skill level 8 in Dodging
 70186 | Crypt:2  | Found a basalt altar of Yredelemnul.
 70205 | Crypt:2  | Reached skill level 9 in Dodging
 70616 | Crypt:2  | Reached skill level 10 in Dodging
 70730 | Crypt:2  | Noticed a curse skull
 70732 | Crypt:2  | Killed a curse skull
 71105 | Crypt:3  | Entered Level 3 of the Crypt
 71455 | Crypt:3  | Noticed a curse skull
 71458 | Crypt:3  | Killed a curse skull
 71459 | Crypt:3  | Reached skill level 11 in Dodging
 71465 | Crypt:3  | Noticed a curse skull
 71470 | Crypt:3  | Killed a curse skull
 71567 | Crypt:3  | Identified the ring of Lugonu's Approval {rN+ Int+7 Dex+5}
 71567 | Crypt:3  | Identified the amulet "Igoecze" {rElec Regen+}
 71567 | Crypt:3  | Identified the ring "Duhymoos" {rF+ rN+}
 71590 | Crypt:3  | Identified the +4 battleaxe of the Omega Point {speed,
                  | *Slow Fly rPois rF+++}
 71591 | Crypt:3  | Identified the +7 hand axe of Due Proportion {venom, rElec
                  | rF+ SInv}
 71591 | Crypt:3  | Identified the +0 chain mail of Tartarus {*Slow rC+ Slay+2}
 71594 | Crypt:3  | Identified the Precepts of Necromancy
 72110 | Crypt:3  | Found a staircase to the Tomb.
 72686 | Crypt:3  | Noticed an ancient lich
 72692 | Crypt:3  | Killed an ancient lich
 72693 | Crypt:3  | Reached skill level 12 in Dodging
 72714 | Crypt:3  | You add the spells Infestation and Death's Door to your
                  | library.
 72718 | Crypt:3  | You pick up a book of Weapons and begin reading...
 72720 | Crypt:3  | You pick up a book of Flames and begin reading...
 72930 | Vaults:5 | Entered Level 5 of the Vaults
 72939 | Vaults:5 | Reached XP level 26. HP: 141/184 MP: 52/52
 72953 | Vaults:5 | Identified Eppungig's Monograph on Firn
 72954 | Vaults:5 | You add the spells Summon Ice Beast and Polar Vortex to
                  | your library.
 73037 | Vaults:5 | Reached skill level 13 in Dodging
 73107 | Vaults:5 | Noticed an ancient lich
 73115 | Vaults:5 | Noticed a juggernaut
 73117 | Vaults:5 | a juggernaut changed into a shard shrike
 73117 | Vaults:5 | Noticed a shard shrike (glowing shapeshifter)
 73134 | Vaults:5 | Killed a shard shrike
 73142 | Vaults:5 | Killed an ancient lich
 73143 | Vaults:5 | Reached skill level 14 in Dodging
 73234 | Vaults:5 | a tengu reaver comes into view. It is wielding the +7
                  | sceptre of Torment {pain, torment} and wearing a +2 leather
                  | armour of cold resistance.
 73250 | Vaults:5 | Reached skill level 15 in Summonings
 73269 | Vaults:5 | Noticed an ancient lich
 73562 | Vaults:5 | Killed an ancient lich
 73578 | Vaults:5 | Noticed an ancient lich
 73586 | Vaults:5 | Killed an ancient lich
 73587 | Vaults:5 | Reached skill level 16 in Summonings
 73835 | Vaults:5 | Identified the +1 robe of the Grue {rN+}
 73835 | Vaults:5 | Identified the +1 leather armour of Mezcal {rN+ Will+
                  | Regen+}
 73843 | Vaults:5 | You pick up a book of Displacement and begin reading...
 73853 | Vaults:5 | You pick up a book of Air and begin reading...
 73853 | Vaults:5 | You add the spells Shock and Airstrike to your library.
 74004 | Vaults:5 | +0 storm dragon scales {rare}; a storm dragon corpse
 74004 | Vaults:5 | +0 storm dragon scales {rare}; a storm dragon corpse
 74004 | Vaults:5 | Could not pick up +0 storm dragon scales {rare} here;
                  | ([A]lways) ignore it?
 74004 | Vaults:5 | Could not pick up +0 storm dragon scales {rare} here;
                  | ([A]lways) ignore it?
 74097 | Vaults:5 | You pick up a book of Weapons and begin reading...
 74126 | Vaults:5 | You pick up a book of Air and begin reading...
 74162 | Vaults:5 | Identified the ring "Taerux" {rC+ Str+2 Slay+3 Stlth-}
 74167 | Vaults:5 | Identified the ring "Widifias" {rN+ rCorr EV+4 Str+2
                  | Slay+5}
 74182 | Vaults:5 | Got a silver rune of Zot
 74459 | Vaults:5 | You pick up a book of Dreams and begin reading...
 74516 | Vaults:5 | You pick up a book of Dreams and begin reading...
 74722 | Vaults:5 | Identified +0 gold dragon scales
 74752 | Vaults:5 | Y - +0 gold dragon scales {rare}
 74758 | Vaults:5 | You drop +0 gold dragon scales {rare}.
 75090 | Zot:1    | Entered Level 1 of the Realm of Zot
 75238 | Depths:4 | Upgraded the game from 0.30-a0-476-g330ca2eb8e to
                  | 0.30-a0-509-gd016549fea
 75238 | Depths:4 | magus.rc [v1.9.6]
 75311 | Depths:3 | Voluntarily entered the Abyss.
 75365 | Abyss:1  | Reached skill level 17 in Summonings
 75491 | Abyss:1  | Noticed a dread lich
 75498 | Abyss:1  | Killed a dread lich
 75729 | Abyss:3  | Reached skill level 18 in Summonings
 75729 | Abyss:3  | Reached XP level 27. HP: 149/189 MP: 5/52
 75979 | Abyss:3  | Reached skill level 19 in Summonings
 75990 | Abyss:3  | Learned a level 9 spell: Dragon's Call
 76333 | Abyss:3  | Got an abyssal rune of Zot
 76345 | Depths:3 | You pass through the gate.
 76345 | Depths:3 | Escaped the Abyss
 76512 | Depths:2 | the +3 dagger of Kiqosiso {freeze, +Blink rC+ Str+2 Dex+3,
                  | short}; +0 gold dragon scales {rare}
 76881 | Tomb:1   | Entered Level 1 of the Tomb of the Ancients
 77026 | Tomb:1   | Reached skill level 20 in Summonings
 77776 | Zot:3    | Noticed an orb of fire
 77777 | Zot:3    | Gained mutation: Your body sometimes deteriorates upon
                  | taking damage. [an orb of fire]
 77789 | Zot:3    | Gained mutation: You are vulnerable to cold. (rC-) [an orb
                  | of fire]
 77789 | Zot:3    | Killed an orb of fire
 77993 | Zot:3    | Reached skill level 21 in Summonings
 78272 | Zot:4    | Reached skill level 18 in Fighting
 78449 | Zot:5    | Entered Level 5 of the Realm of Zot
 78509 | Zot:5    | +0 storm dragon scales {rare}; a storm dragon corpse
 78527 | Zot:5    | Noticed an orb of fire
 78541 | Zot:5    | Killed an orb of fire
 78784 | Zot:5    | Identified +0 gold dragon scales
 78808 | Zot:5    | U - +0 gold dragon scales {rare}
 78812 | Zot:5    | You pick up a book of Iron and begin reading...
 78813 | Zot:5    | You drop +0 gold dragon scales {rare}.
 78972 | Zot:5    | Reached skill level 19 in Fighting
 79077 | Zot:5    | Noticed an ancient lich
 79077 | Zot:5    | Noticed an orb of fire
 79081 | Zot:5    | Noticed an orb of fire
 79084 | Zot:5    | Noticed an orb of fire
 79097 | Zot:5    | Killed an orb of fire
 79099 | Zot:5    | Killed an ancient lich
 79100 | Zot:5    | Noticed an ancient lich
 79101 | Zot:5    | Noticed an orb of fire
 79102 | Zot:5    | Killed an orb of fire
 79102 | Zot:5    | Killed an orb of fire
 79103 | Zot:5    | Reached skill level 20 in Fighting
 79107 | Zot:5    | Noticed an orb of fire
 79117 | Zot:5    | Killed an ancient lich
 79456 | Zot:5    | Killed an orb of fire
 79475 | Zot:5    | Killed an orb of fire
 79476 | Zot:5    | Reached skill level 21 in Fighting
 79496 | Zot:5    | Noticed an ancient lich
 79510 | Zot:5    | Killed an ancient lich
 79590 | Zot:5    | Noticed an electric golem
 79606 | Zot:5    | Killed an electric golem
 79608 | Zot:5    | Reached skill level 22 in Fighting
 79624 | Zot:5    | Noticed an orb of fire
 79632 | Zot:5    | Lost mutation: Your spells are a little harder to cast, but
                  | a little more powerful. [an orb of fire]
 79640 | Zot:5    | Killed an orb of fire
 79651 | Zot:5    | Identified Duhiha Zurei's Almanac of the Atmosphere
 79691 | Zot:5    | Reached skill level 23 in Fighting
 79694 | Zot:5    | Got the Orb of Zot
 79980 | Depths:2 | the +3 dagger of Kiqosiso {freeze, +Blink rC+ Str+2 Dex+3,
                  | short}; +0 gold dragon scales {rare}
 80151 | D:10     | Noticed Izopidghu the pandemonium lord
 80211 | D:11     | Noticed Cinybesa the pandemonium lord
 80324 | D:5      | Noticed Qarhugic the pandemonium lord
 80416 | D:$      | Escaped with the Orb!

Vanquished Creatures
  Dissolution (Slime:4)
  the Royal Jelly (Slime:5)
  A dread lich (Abyss:1)
  3 ancient liches
  4 orbs of fire (Zot:5)
  Sojobo (Depths:3)
  3 Killer Klowns
  Vashnia (Snake:4)
  Saint Roka (Snake:3)
  Nikola (Elf:1)
  2 golden dragons
  A profane servitor (Abyss:3)
  6 bone dragons
  2 doom hounds (Depths:3)
  A Tzitzimitl (Depths:3)
  A hellephant (Abyss:3)
  6 tentacled monstrosities
  A Brimstone Fiend (Depths:3)
  6 liches
  Mlioglotl (Swamp:2)
  3 titans (Vaults:5)
  A quicksilver dragon (Zot:5)
  6 Orb Guardians
  A deep elf blademaster (Elf:3)
  A deep elf master archer (Elf:3)
  5 ancient champions
  Gastronok (Lair:2)
  9 sphinxes
  3 death cobs
  9 acid blobs
  6 tentacled starspawn
  8 tengu reavers
  A thorn hunter (Swamp:4)
  4 shadow dragons
  Donald (Snake:2)
  2 draconian monks (Zot:3)
  9 storm dragons
  5 nagarajas
  5 draconian knights
  A fenstrider witch (Swamp:2)
  4 fire giants
  12 rockslimes
  19 vault wardens
  15 azure jellies
  A draconian shifter (Depths:4)
  8 frost giants
  2 balrugs
  9 deep elf sorcerers
  3 draconian scorchers
  A ghost moth (Zot:3)
  6 ghouls
  2 curse skulls
  13 very ugly things
  2 war gargoyles
  5 ironbound thunderhulks
  9 quicksilver oozes
  4 orc warlords
  A spriggan defender (Depths:1)
  2 deep elf elementalists (Elf:3)
  2 reapers (Depths:3)
  A deep elf demonologist (Elf:3)
  13 ironbound preservers
  A caustic shrike skeleton (Crypt:2)
  8 stone giants
  8 vampire knights
  A green draconian (Depths:4)
  A minotaur (Gauntlet)
  5 eleionomae
  A lorocyproca (Zot:2)
  3 bunyips
  2 yellow draconians
  Azrael (Snake:3)
  2 purple draconians
  A black draconian (Depths:4)
  A spark wasp (Depths:2)
  A white draconian (Zot:1)
  A red draconian (Depths:4)
  9 dire elephants
  2 crystal guardians (Vaults:4)
  A mummy priest (Crypt:3)
  3 deep elf annihilators
  A green death (Abyss:3)
  6 ettins
  A very ugly thing zombie (Vaults:5)
  8 fire dragons
  An eidolon (Crypt:2)
  Josephine (Orc:1)
  A blizzard demon (Abyss:3)
  10 deep elf death magi
  6 great orbs of eyes
  A shambling mangrove (Swamp:4)
  2 jiangshi (Crypt:1)
  12 yaktaur captains
  8 deep elf high priests
  8 ice dragons
  An entropy weaver (Vaults:4)
  The ghost of initializr the Cleaver, a journeyman HOMo of Okawaru (D:8)
  A spriggan zombie (Crypt:2)
  8 rakshasas
  A spriggan air mage (Swamp:1)
  A fenstrider witch zombie (Crypt:1)
  An ogre mage (Orc:2)
  3 peacekeepers
  3 salamander tyrants (Snake:4)
  A hell beast (Depths:3)
  5 catoblepae
  18 hydras
  3 ghost crabs
  9 anacondas
  29 vault guards
  Erica (Orc:1)
  9 centaur warriors
  10 dancing weapons
  7 alligators
  5 ironbound frosthearts
  3 fenstrider witch skeletons
  5 two-headed ogres
  5 deep troll shamans
  2 spriggan skeletons (Crypt:2)
  5 boulder beetles
  5 vampire magi
  10 death yaks
  5 naga warriors
  2 tengu warriors
  4 deep troll earth magi
  11 naga sharpshooters
  Urug (D:10)
  6 deep elf knights
  7 spriggan berserkers
  6 hell knights
  2 soul eaters
  Sonja (Orc:2)
  2 thrashing horrors (Abyss:3)
  9 shock serpents
  5 iron trolls
  2 titan skeletons
  Amaemon (Lair:3)
  A shadow wraith (Crypt:2)
  6 spatial maelstroms (Abyss:3)
  3 salamander mystics
  2 wretched stars (Abyss:3)
  A sixfirhy (Abyss:3)
  6 spriggan druids
  5 glowing orange brains
  A bunyip zombie (Crypt:1)
  6 goliath frogs
  6 swamp dragons
  2 sea snakes (Snake:4)
  A shadow demon (Abyss:3)
  48 deep trolls
  A storm dragon skeleton (Crypt:3)
  25 skeletal warriors
  8 flayed ghosts
  6 lindwurms
  5 naga ritualists
  A spriggan simulacrum (Depths:2)
  A golden dragon skeleton (Depths:2)
  13 ironbound convokers
  2 orange crystal statues (IceCv)
  12 deep elf archers
  A bunyip skeleton (Crypt:2)
  8 phantasmal warriors
  14 orc knights
  5 wizards
  15 deep elf pyromancers
  3 bog bodies
  7 mana vipers
  Pikel (D:8)
  6 necromancers
  16 deep elf zephyrmancers
  An eleionoma zombie (Crypt:1)
  4 shining eyes
  5 moths of wrath
  An orc sorcerer (Orc:1)
  A mana viper (shapeshifter) (Depths:1)
  A tengu skeleton (Vaults:4)
  2 will-o-the-wisps
  A frost giant zombie (Vaults:4)
  A goliath frog zombie (Crypt:3)
  37 ugly things
  2 worldbinders
  An iron dragon skeleton (Depths:2)
  4 cyclopes
  6 manticores
  38 black mambas
  25 salamanders
  2 elf zombies (Elf:3)
  9 large abominations
  2 ice statues
  An eye of devastation (Slime:5)
  9 elephants
  2 smoke demons
  3 guardian serpents
  13 naga magi
  12 apocalypse crabs
  3 orange demons
  17 vault sentinels
  An alligator snapping turtle zombie (Crypt:3)
  A centaur skeleton (Crypt:2)
  3 gargoyles
  A torpor snail (Lair:3)
  A dire elephant skeleton (Crypt:2)
  3 unseen horrors
  4 naga skeletons (Crypt:2)
  A demonic crawler (Abyss:3)
  4 freezing wraiths
  A sea snake zombie (Crypt:2)
  6 cane toads
  3 kobold demonologists (D:11)
  23 yaktaurs
  Maggie (D:8)
  4 rime drakes
  A hellwing (Depths:4)
  14 komodo dragons
  5 trolls
  A catoblepas skeleton (Crypt:2)
  A hydra zombie (Crypt:2)
  An ancient zyme (Abyss:3)
  4 bloated husks
  A meliai (D:15)
  8 guardian mummies
  A sea snake skeleton (Crypt:3)
  A hydra skeleton (Crypt:3)
  A polar bear (Lair:4)
  A tarantella zombie (Crypt:2)
  8 tyrant leeches
  Grinder (D:4)
  8 blink frogs
  7 raiju (Abyss:3)
  6 hornets
  2 harpy skeletons
  71 slime creatures
  5 dream sheep (Lair:5)
  2 guardian serpent zombies (Crypt:1)
  A slime creature (shapeshifter) (D:15)
  23 flying skulls
  14 starcursed masses
  10 spriggans
  A shadow (D:12)
  7 wyverns
  4 ynoxinuls (Abyss:3)
  An alligator skeleton (Crypt:2)
  11 wraiths
  3 fire elementals
  A human (D:12)
  2 vampires
  3 air elementals (Elf:1)
  2 steam dragons (D:7)
  5 basilisks
  46 yaks
  2 golden eyes (Slime:3)
  A black mamba skeleton (Crypt:2)
  Eustachio (D:5)
  21 vampire mosquitoes
  3 chaos spawn
  30 nagas
  7 spatial vortices (Abyss:3)
  Menkaure (D:5)
  6 wargs
  Edmund (D:5)
  8 swamp worms
  5 acid dragons
  A deep troll skeleton (Crypt:3)
  10 water moccasins
  An ogre skeleton (Vaults:5)
  2 water moccasins (shapeshifter) (Vaults:5)
  2 floating eyes
  A hell hound (Snake:3)
  8 swamp drakes
  Duvessa (D:4)
  A cane toad skeleton (Crypt:3)
  A glowing shapeshifter skeleton (Vaults:4)
  51 orc warriors
  Pargi (Sewer)
  7 ice beasts
  6 black bears
  A hornet zombie (Crypt:3)
  A blink frog zombie (Crypt:2)
  2 sky beasts
  5 great orb of eyes simulacra (IceCv)
  17 ogres
  14 wolves
  An ettin simulacrum (Vaults:5)
  3 boggarts (D:14)
  A manticore skeleton (Crypt:1)
  4 phantoms
  4 slime creature simulacra (IceCv)
  A torpor snail zombie (Crypt:1)
  23 centaurs
  4 lemures (D:8)
  4 kobold brigands
  12 bullfrogs
  3 glowing shapeshifter simulacra (IceCv)
  An earth elemental (Elf:1)
  6 necrophages
  A gnoll sergeant (D:10)
  5 small abominations (Abyss:3)
  A bullfrog (shapeshifter) (Vaults:5)
  14 scorpions
  6 wights
  A cyclops skeleton (Crypt:3)
  Dowan (D:4)
  5 killer bees (D:9)
  A queen bee zombie (Crypt:2)
  6 nameless horrors
  6 howler monkeys
  A crimson imp (D:3)
  2 lava snakes (Snake:1)
  6 human zombies
  3 centaur zombies
  2 hounds
  16 orc priests
  7 jellies
  An iron imp (Abyss:3)
  2 gnoll boudas
  Ijyb (D:4)
  2 iguanas (D:6)
  15 orc wizards
  Natasha (thrice) (D:4)
  5 scorpion zombies (Ossuary)
  A sky beast zombie (Crypt:1)
  2 centaur simulacra
  2 killer bee simulacra (D:8)
  3 mummies (Ossuary)
  10 gnolls
  10 adders
  A river rat (D:5)
  A steam dragon skeleton (Crypt:1)
  2 shadow imps
  A white imp (D:6)
  2 howler monkey simulacra (D:8)
  An ufetubus (D:7)
  An iguana zombie (Crypt:3)
  2 worms
  A dart slug (D:1)
  72 orcs
  5 bats
  6 endoplasms
  2 giant cockroaches
  A gnoll zombie (Crypt:1)
  9 goblins
  9 hobgoblins
  5 jackals
  3 quokkas
  8 ball pythons
  3 goblin skeletons (D:3)
  A goblin zombie (D:3)
  A hobgoblin skeleton (Crypt:1)
  4 hobgoblin zombies
  38 kobolds
  A kobold skeleton (D:3)
  4 kobold zombies
  2 orc zombies
  5 rats
  3 briar patches (Swamp:4)
  A bush (Lair:5)
  A snaplasher vine (Vaults:5)
  3 starspawn tentacles (Abyss:3)
2001 creatures vanquished.

Vanquished Creatures (collateral kills)
  4 ancient liches
  4 orbs of fire
  Mara (Elf:3)
  2 Killer Klowns (Zot:5)
  A shard shrike (shapeshifter) (Vaults:5)
  Frederick (Depths:3)
  A caustic shrike (Depths:2)
  3 golden dragons
  A doom hound (Depths:3)
  2 bone dragons
  An electric golem (Zot:5)
  Zenata (Elf:3)
  3 liches
  18 Orb Guardians (Zot:5)
  8 tentacled monstrosities
  2 deep elf master archers (Elf:3)
  A deep elf blademaster (Elf:3)
  2 titans (Vaults:5)
  Grunn (Depths:3)
  5 acid blobs
  A quicksilver dragon (Zot:3)
  A walking divine tome (Depths:2)
  3 ancient champions
  An eldritch tentacle (Vaults:5)
  3 death cobs (Zot:3)
  7 sphinxes
  5 shadow dragons
  4 tengu reavers
  4 draconian monks
  2 storm dragons
  3 rockslimes
  6 azure jellies
  A fire giant (Depths:2)
  A revenant (Crypt:2)
  4 draconian knights
  2 deep elf sorcerers (Elf:3)
  An iron dragon (Depths:2)
  2 frost giants
  2 orc warlords (Vaults:4)
  A ghost moth (Zot:5)
  5 vault wardens
  A curse skull (Crypt:3)
  A draconian shifter (Zot:5)
  A deep elf elementalist (Elf:3)
  A reaper (Depths:3)
  2 draconian stormcallers (Zot:5)
  A caustic shrike skeleton (Crypt:2)
  10 ironbound preservers
  3 quicksilver oozes
  4 draconian annihilators
  An ironbound thunderhulk (Vaults:4)
  11 very ugly things
  7 stone giants
  A stone giant (shapeshifter) (Vaults:5)
  3 vampire knights
  9 green draconians
  4 deep elf annihilators (Elf:3)
  A juggernaut skeleton (Depths:2)
  2 eleionomae
  A putrid mouth (Depths:3)
  2 bennus (Tomb:1)
  7 purple draconians
  9 red draconians
  5 black draconians
  8 white draconians
  7 yellow draconians
  A blizzard demon (D:13)
  4 ettins
  2 fire dragons
  A mummy priest (Tomb:1)
  5 deep elf death magi (Elf:3)
  A jiangshi (Crypt:2)
  4 yaktaur captains
  A shambling mangrove (Swamp:4)
  2 deep elf high priests
  2 ice dragons (Depths:4)
  4 great orbs of eyes
  2 rakshasas
  A great orb of eyes (shapeshifter) (Depths:4)
  A quicksilver dragon skeleton (Crypt:2)
  3 hydras
  2 ironbound frosthearts
  A salamander tyrant (Snake:4)
  An ogre mage (Vaults:5)
  An alligator (Swamp:1)
  3 two-headed ogres (Vaults:5)
  3 dancing weapons
  3 death knights
  A centaur warrior (Vaults:2)
  A spriggan berserker (Depths:4)
  A tengu warrior (Depths:1)
  A thrashing horror (Abyss:3)
  A vampire mage (Crypt:2)
  2 large abominations (Abyss:3)
  4 deep elf knights
  2 titan skeletons (Crypt:2)
  2 nameless horrors
  A shock serpent (shapeshifter) (Vaults:5)
  2 hell knights
  4 iron trolls
  A sixfirhy (Abyss:3)
  A goliath frog (Swamp:3)
  Lodul (D:10)
  2 deep elf archers
  2 spriggan druids
  17 deep trolls
  A golden dragon skeleton (Crypt:2)
  5 ironbound convokers
  13 skeletal warriors
  2 swamp dragons (Swamp:4)
  A glowing orange brain (Abyss:1)
  A wizard (Vaults:4)
  A bog body (Swamp:2)
  3 orc knights
  A bunyip skeleton (Crypt:2)
  3 deep elf pyromancers
  7 deep elf zephyrmancers
  4 phantasmal warriors
  A necromancer (Vaults:5)
  An orc sorcerer (Elf:3)
  An eleionoma zombie (Crypt:2)
  3 shining eyes
  A shadow dragon skeleton (Crypt:2)
  An iron dragon skeleton (Crypt:2)
  10 ugly things
  A worldbinder (Abyss:3)
  11 moths of wrath
  2 smoke demons (Abyss:3)
  4 vault sentinels
  2 eyes of devastation
  A naga mage (Snake:4)
  A hellion (Abyss:3)
  An orc skeleton (Crypt:2)
  A freezing wraith (Vaults:5)
  A dire elephant skeleton (Crypt:2)
  An ice devil (Depths:2)
  A human skeleton (Vaults:5)
  10 yaktaurs
  A demonic crawler (Abyss:1)
  A tormentor (Depths:3)
  2 tengu conjurers
  4 guardian mummies
  2 meliai (D:15)
  9 hornets
  An ettin zombie (Vaults:4)
  33 slime creatures
  2 raiju (Abyss:3)
  A boulder beetle zombie (Crypt:2)
  A harpy skeleton (Crypt:2)
  A stone giant simulacrum (Vaults:5)
  18 flying skulls
  2 vampires (Vaults:3)
  A wraith (Crypt:1)
  6 spriggans
  4 yaks (D:10)
  3 golden eyes
  3 fire elementals (Snake:3)
  A redback (shapeshifter) (Vaults:5)
  A vampire mosquito (Swamp:4)
  A neqoxec (Abyss:3)
  3 swamp worms
  A warg (Vaults:5)
  A naga (Snake:4)
  An acid dragon (shapeshifter) (Vaults:5)
  A floating eye (Slime:4)
  3 hell hounds (Snake:3)
  A meliai simulacrum (D:15)
  3 orc warriors (Vaults:5)
  A swamp drake (Swamp:4)
  2 human zombies (Vaults:5)
  8 ogres
  A necrophage (Crypt:2)
  2 small abominations (Abyss:3)
  2 mummies (Tomb:1)
  A lurking horror (Abyss:3)
543 creatures vanquished.

Vanquished Creatures (others)
  2 Orb Guardians (Zot:5)
  A death cob (Zot:5)
  41 eldritch tentacles
  A draconian scorcher (Zot:3)
  A deep elf elementalist (Elf:1)
  An ironbound preserver (Vaults:5)
  A white draconian (Zot:3)
  8 very ugly thing zombies
  7 Orb Guardian zombies (Zot:5)
  A demigod zombie (Depths:3)
  A titan zombie (Vaults:5)
  A deep elf knight (Elf:1)
  2 storm dragon zombies
  A spriggan (Swamp:1)
  A skeletal warrior (Crypt:2)
  A deep elf archer (Elf:3)
  13 ugly thing zombies
  A shadow dragon zombie (Depths:4)
  3 tengu zombies (Depths:3)
  6 sphinx zombies
  A draconian zombie (Zot:5)
  2 fire giant zombies
  A stone giant zombie (Depths:1)
  A red draconian zombie (Zot:5)
  2 yaktaur zombies (Vaults:5)
  A yellow draconian zombie (Depths:4)
  An iron troll zombie (Depths:3)
  A green draconian zombie (Zot:5)
  A bloated husk (Swamp:1)
  A moth of wrath zombie (Zot:5)
  A hornet (Swamp:1)
  4 ettin zombies
  4 fire dragon zombies
  3 ice dragon zombies
  5 slime creature zombies
  12 elf zombies (Elf:3)
  12 deep troll zombies
  12 human zombies
  6 orc zombies
  An apocalypse crab zombie (Abyss:3)
  A warg zombie (Vaults:5)
  5 raiju zombies (Abyss:3)
  An acid dragon zombie (Vaults:5)
  An ogre zombie (Vaults:5)
  A quokka (Depths:2)
  4 bushes (Lair:5)
  8 foxfires
  239 fulminant prisms
  58 fungi
  A lurking horror (Slime:1)
  120 plants
  7 snaplasher vines
  8 starspawn tentacles
620 creatures vanquished.

Grand Total: 3164 creatures vanquished

Table legend:
 A = Non-vault XP
 B = Vault XP
 C = Vault XP percentage of total XP
 D = Non-vault monster count
 E = Vault monster count
 F = Vault count percentage of total count
                 A         B        C        D         E       F
            +---------+---------+-------+---------+---------+-------
      Total |  794329 |  766775 |  49.1 |    1479 |    1016 |  40.7
            +---------+---------+-------+---------+---------+-------
        D:1 |      39 |      14 |  26.4 |      23 |       1 |   4.2
        D:2 |      18 |       2 |  10.0 |      10 |       1 |   9.1
        D:3 |      73 |      57 |  43.8 |      19 |      10 |  34.5
        D:4 |     803 |     550 |  40.7 |      29 |       5 |  14.7
        D:5 |    1078 |     526 |  32.8 |      16 |       5 |  23.8
        D:6 |    1401 |    1235 |  46.9 |      24 |      17 |  41.5
        D:7 |     777 |    1271 |  62.1 |      12 |      14 |  53.8
        D:8 |     859 |    2190 |  71.8 |       9 |      10 |  52.6
        D:9 |    1913 |    1254 |  39.6 |      15 |      10 |  40.0
       D:10 |    3302 |    2369 |  41.8 |      27 |       9 |  25.0
       D:11 |    4230 |       0 |   0.0 |      22 |       0 |   0.0
       D:12 |    6586 |     649 |   9.0 |      26 |      15 |  36.6
       D:13 |    5427 |    4098 |  43.0 |      10 |      10 |  50.0
       D:14 |    5373 |     854 |  13.7 |      15 |       1 |   6.2
       D:15 |   11843 |    4910 |  29.3 |      30 |       8 |  21.1
     Lair:1 |    1962 |       0 |   0.0 |      11 |       0 |   0.0
     Lair:2 |    3734 |    1549 |  29.3 |      12 |       1 |   7.7
     Lair:3 |    7125 |    1193 |  14.3 |      30 |       2 |   6.2
     Lair:4 |   10156 |     932 |   8.4 |      32 |       5 |  13.5
     Lair:5 |    9973 |   10599 |  51.5 |      31 |      22 |  41.5
    Swamp:1 |   15574 |    1192 |   7.1 |      32 |       4 |  11.1
    Swamp:2 |   15096 |    1749 |  10.4 |      28 |       1 |   3.4
    Swamp:3 |   14883 |       0 |   0.0 |      26 |       0 |   0.0
    Swamp:4 |   18788 |   17193 |  47.8 |      33 |      27 |  45.0
    Snake:1 |    4578 |    7262 |  61.3 |      12 |      14 |  53.8
    Snake:2 |   14391 |    1371 |   8.7 |      32 |       1 |   3.0
    Snake:3 |   17250 |    5630 |  24.6 |      35 |      19 |  35.2
    Snake:4 |    9566 |   38587 |  80.1 |      16 |      59 |  78.7
    Slime:1 |   15887 |       0 |   0.0 |      24 |       0 |   0.0
    Slime:2 |    3956 |       0 |   0.0 |       5 |       0 |   0.0
    Slime:3 |   20333 |       0 |   0.0 |      37 |       0 |   0.0
    Slime:4 |   11323 |    7747 |  40.6 |      20 |       1 |   4.8
    Slime:5 |    3458 |   27723 |  88.9 |       6 |      19 |  76.0
      Orc:1 |    3596 |    2805 |  43.8 |      31 |       7 |  18.4
      Orc:2 |    4890 |    6378 |  56.6 |      23 |      40 |  63.5
      Elf:1 |   18868 |    8550 |  31.2 |      32 |      11 |  25.6
      Elf:2 |    3773 |     831 |  18.0 |       5 |       1 |  16.7
      Elf:3 |   18690 |   59324 |  76.0 |      29 |      56 |  65.9
   Vaults:1 |   11545 |   31301 |  73.1 |      20 |      40 |  66.7
   Vaults:2 |   15080 |   44615 |  74.7 |      22 |      49 |  69.0
   Vaults:3 |   20698 |   21273 |  50.7 |      29 |      26 |  47.3
   Vaults:4 |   42165 |   24593 |  36.8 |      52 |      36 |  40.9
   Vaults:5 |   27157 |  107573 |  79.8 |      55 |      94 |  63.1
    Crypt:1 |   23507 |    2273 |   8.8 |      40 |       2 |   4.8
    Crypt:2 |   37968 |   28083 |  42.5 |      57 |      51 |  47.2
    Crypt:3 |   10964 |   26211 |  70.5 |      21 |      26 |  55.3
     Tomb:1 |    5971 |    9558 |  61.5 |      23 |      10 |  30.3
   Depths:1 |   24716 |   30338 |  55.1 |      33 |      33 |  50.0
   Depths:2 |   32651 |   29578 |  47.5 |      38 |      26 |  40.6
   Depths:3 |   34595 |   32438 |  48.4 |      33 |      31 |  48.4
   Depths:4 |   25400 |   17224 |  40.4 |      30 |      17 |  36.2
      Zot:1 |   18175 |       0 |   0.0 |      15 |       0 |   0.0
      Zot:2 |    3847 |       0 |   0.0 |       3 |       0 |   0.0
      Zot:3 |   38557 |   11966 |  23.7 |      30 |      10 |  25.0
      Zot:4 |   16003 |       0 |   0.0 |      16 |       0 |   0.0
      Zot:5 |   56902 |   96435 |  62.9 |      43 |      41 |  48.8
    Abyss:1 |   11905 |       0 |   0.0 |      13 |       0 |   0.0
    Abyss:3 |   43903 |    9524 |  17.8 |      73 |      13 |  15.1
      Sewer |       0 |     136 | 100.0 |       0 |       3 | 100.0
    Ossuary |       0 |    1278 | 100.0 |       0 |      28 | 100.0
     Bailey |       0 |    2658 | 100.0 |       0 |      31 | 100.0
      IceCv |    1048 |   15534 |  93.7 |       4 |      34 |  89.5
   Gauntlet |       0 |    3592 | 100.0 |       0 |       9 | 100.0
            +---------+---------+-------+---------+---------+-------

Illustrated notes

Table legend:
 A = Kills in this place as a percentage of kills in entire the game.
 B = Kills by you in this place as a percentage of kills by you in the entire game.
 C = Kills by friends in this place as a percentage of kills by friends in the entire game.
 D = Other kills in this place as a percentage of other kills in the entire game.
 E = Experience gained in this place as a percentage of experience gained in the entire game.
 F = Experience gained in this place divided by the number of levels of this place that you have seen.
                   A       B       C       D       E      F
               +-------+-------+-------+-------+-------+----------------------
         Total | 100.0 | 100.0 | 100.0 | 100.0 | 100.0 | 24128.2
       Dungeon |  16.3 |  20.1 |   2.8 |   0.0 |   4.3 | 4509.1
          Lair |   5.8 |   7.4 |   0.2 |   0.0 |   3.0 | 9444.6
         Swamp |   6.0 |   6.1 |   5.2 |  23.1 |   5.4 | 21118.8
     Snake Pit |   7.5 |   9.2 |   1.7 |   0.0 |   6.3 | 24658.8
    Slime Pits |   4.5 |   2.7 |  11.2 |   0.0 |   5.8 | 18085.4
  Orcish Mines |   4.0 |   5.2 |   0.0 |   0.0 |   1.1 | 8834.5
   Elven Halls |   5.4 |   4.8 |   7.1 |  23.1 |   7.0 | 36678.7
        Vaults |  16.9 |  15.3 |  22.9 |   7.7 |  22.1 | 69200.0
         Crypt |   7.9 |   7.6 |   8.9 |   7.7 |   8.2 | 43002.0
          Tomb |   1.3 |   0.5 |   4.5 |   0.0 |   1.0 | 15529.0
        Depths |   9.7 |   9.2 |  11.9 |   0.0 |  14.6 | 57301.8
           Zot |   6.4 |   2.3 |  20.3 |  38.5 |  15.5 | 48581.8
         Abyss |   4.0 |   4.1 |   3.4 |   0.0 |   4.2 | 21777.3
         Sewer |   0.1 |   0.2 |   0.0 |   0.0 |   0.0 | 136.0
       Ossuary |   1.1 |   1.4 |   0.0 |   0.0 |   0.1 | 1278.0
        Bailey |   1.2 |   1.6 |   0.0 |   0.0 |   0.2 | 2658.0
      Ice Cave |   1.5 |   1.9 |   0.0 |   0.0 |   1.1 | 16582.0
      Gauntlet |   0.4 |   0.5 |   0.0 |   0.0 |   0.2 | 3592.0
               +-------+-------+-------+-------+-------+----------------------

Table legend: (Time is in decaauts)
 A = Elapsed time spent in this place.
 B = Non-inter-level travel time spent in this place.
 C = Inter-level travel time spent in this place.
 D = Time resting spent in this place.
 E = Time spent auto-exploring this place.
 F = Levels seen in this place.
 G = Mean time per level.
                   A        B        C        D        E       F      G
               +--------+--------+--------+--------+--------+-----+--------+
         Total |  79584 |  71358 |   8226 |  15330 |  40026 |  65 | 1224.4 |
       Dungeon |  19826 |  17059 |   2767 |   1949 |  12114 |  15 | 1321.7 |
        Temple |      1 |      1 |      0 |      0 |      0 |   1 |    1.0 |
          Lair |   7182 |   6340 |    842 |   1411 |   3819 |   5 | 1436.4 |
         Swamp |   4441 |   4189 |    252 |   1139 |   2322 |   4 | 1110.2 |
     Snake Pit |   6512 |   6001 |    511 |   1883 |   2950 |   4 | 1628.0 |
    Slime Pits |   3141 |   2981 |    160 |    557 |   1674 |   5 |  628.2 |
  Orcish Mines |   1818 |   1382 |    436 |     67 |    994 |   2 |  909.0 |
   Elven Halls |   5282 |   5071 |    211 |   1354 |   2530 |   3 | 1760.7 |
        Vaults |  10550 |   9195 |   1355 |   1846 |   5374 |   5 | 2110.0 |
         Crypt |   5112 |   4612 |    500 |    870 |   2881 |   3 | 1704.0 |
          Tomb |    304 |    237 |     67 |      0 |    114 |   1 |  304.0 |
        Depths |   8770 |   7746 |   1024 |   1992 |   4060 |   4 | 2192.5 |
           Zot |   2167 |   2070 |     97 |    828 |    349 |   5 |  433.4 |
         Abyss |    909 |    909 |      0 |     43 |     88 |   3 |  303.0 |
         Sewer |    229 |    229 |      0 |     70 |    111 |   1 |  229.0 |
       Ossuary |    911 |    911 |      0 |    411 |    116 |   1 |  911.0 |
        Bailey |    483 |    483 |      0 |    153 |     53 |   1 |  483.0 |
      Ice Cave |    865 |    865 |      0 |    257 |    327 |   1 |  865.0 |
      Gauntlet |   1074 |   1074 |      0 |    500 |    149 |   1 | 1074.0 |
               +--------+--------+--------+--------+--------+-----+--------+

Top non-repeatable levels by time:
Depths:3: 3102 daAuts
Vaults:1: 2686 daAuts
Depths:2: 2448 daAuts
 Snake:3: 2394 daAuts
Vaults:3: 2370 daAuts
 Snake:4: 2314 daAuts
   Elf:3: 2284 daAuts
Vaults:4: 2214 daAuts
Depths:1: 2024 daAuts
Vaults:2: 1981 daAuts
     D:5: 1902 daAuts
 Crypt:3: 1801 daAuts
   Elf:1: 1740 daAuts
    D:13: 1737 daAuts
 Crypt:1: 1723 daAuts
